 Dungeon Crawl Stone Soup version 0.29-a0-841-g116ddc6ace (webtiles) character file.

Game seed: 121811612251283968

1544002 mcwallace the Cloud Mage (level 27, 214/214 HPs)
             Began as a Merfolk Ice Elementalist on Mar 1, 2022.
             Was the Champion of Ru.
             Escaped with the Orb
             ... and 3 runes on July 15, 2022!
             The game lasted 08:02:05 (79104 turns).

mcwallace the Cloud Mage (MfIE)                    Turns: 79104, Time: 08:02:06

Health: 214/214    AC: 12    Str: 11    XL:     27
Magic:  19/38      EV: 28    Int: 30    God:    Ru [******]
Gold:   3902       SH: 19    Dex: 30    Spells: 13/58 levels left

rFire   + . .      SeeInvis .   N - +6 double sword of Daror {flame, Fragile +Blink rC+ Dex+3, longrare=g}
rCold   + + .      Faith    .   H - +2 kite shield {rF+}
rNeg    + + +      Spirit   .   G - +2 robe {rC+ rF+}
rPois   +          Reflect  .   w - +0 hat "Kotzowae" {Drain rPois rC+ rN+++}
rElec   .          Harm     .   I - +2 cloak
rCorr   .          Rampage  .   v - +2 pair of gloves {Str+3}
Will    ++...      Clarity  +   j - +2 pair of boots
Stlth   ++........              U - amulet of regeneration {@e2}
HPRegen 1.25/turn               o - +6 ring of dexterity
MPRegen 0.26/turn               J - +6 ring of dexterity

@: hasted, very quick
A: inability to use devices, inability to train armour, reduced EV 1,
temperature sensitive, (nimble swimmer 2), mertail, claws 1, clarity, clever 1,
deformed body, low MP 1, poison resistance, sturdy frame 1
0: Orb of Zot
}: 3/15 runes: serpentine, barnacled, slimy
a: Renounce Religion, Draw Out Power, Power Leap, Apocalypse


You escaped.
You worshipped Ru.
Ru was exalted by your worship.
You visited 10 branches of the dungeon, and saw 50 of its levels.
You also visited: Trove, Sewer, Ossuary, Bailey and Ice Cave.

You collected 6939 gold pieces.
You spent 3037 gold pieces at shops.


Innate Abilities, Weirdness & Mutations

You cannot study or use magical devices.
You cannot train Armour skill.
You have somewhat slow reflexes. (EV -5)
You are sensitive to extremes of temperature. (rF-, rC-)
((You are very nimble when in or above water. (Stealth+, EV+, Speed+++)))
Your lower body shifts to a powerful aquatic tail in water.
You have sharp fingernails.
You possess an exceptional clarity of mind.
Your mind is acute. (Int +4, Str/Dex -1)
Armour fits poorly on your strangely shaped body.
Your magical capacity is low. (-10% MP)
Your system is resistant to poisons. (rPois)
Your movements are slightly less encumbered by armour. (ER -2)


   Skills:
 * Level 17.1 Fighting
 - Level 16.0 Long Blades
 - Level 10.6 Polearms
 - Level 19.4 Dodging
 - Level 5.0 Stealth
 - Level 15.6 Shields
 - Level 16.0 Spellcasting
 - Level 11.3 Conjurations
 + Level 6.4 Translocations
 - Level 17.4 Transmutations
 - Level 15.0 Ice Magic
 - Level 21.0 Air Magic
 - Level 5.0 Earth Magic


You had 13 spell levels left.
You knew the following spells:

 Your Spells              Type           Power      Damage    Failure   Level
a - Freeze                Ice            100%       1d11      0%          1
b - Frozen Ramparts       Ice            100%       1d12      1%          3
c - Ozocubu's Armour      Ice            85%        N/A       1%          3
d - Hailstorm             Conj/Ice       80%        3d16      1%          4
e - Freezing Cloud        Conj/Ice/Air   43%        6-21      1%          5
f - Leda's Liquefaction   Hex/Erth       19%        N/A       11%         4
g - Irradiate             Conj/Tmut      42%        3d25      1%          5
h - Summon Lightning Spi  Summ/Air       72%        N/A       1%          4
i - Statue Form           Tmut/Erth      50%        N/A       4%          6
j - Maxwell's Capacitive  Air            50%        ∞         3%          8
k - Blink                 Tloc           100%       N/A       1%          2

Your spell library contained the following spells:

 Spells                   Type           Power      Damage    Failure   Level
 Shock                    Conj/Air       100%       1d9       0%          1
 Static Discharge         Conj/Air       88%        3-14/arc  0%          2
 Swiftness                Air            100%       N/A       0%          3
 Airstrike                Air            50%        0-16+     0%          4
 Apportation              Tloc           100%       N/A       1%          1
 Magic Dart               Conj           100%       1d8       1%          1
 Ensorcelled Hibernation  Hex/Ice        100%       N/A       1%          2
 Poisonous Vapours        Pois/Air       100%       N/A       1%          2
 Searing Ray              Conj           100%       2d8       1%          2
 Conjure Flame            Conj/Fire      55%        6-21      1%          3
 Dazzling Flash           Conj/Hex       100%       N/A       1%          3
 Ignite Poison            Fire/Tmut/Pois 56%        N/A       1%          3
 Mephitic Cloud           Conj/Pois/Air  73%        N/A       1%          3
 Spider Form              Tmut/Pois      66%        N/A       1%          3
 Corpse Rot               Necr/Pois/Air  60%        N/A       1%          4
 Ice Form                 Ice/Tmut       88%        N/A       1%          4
 Iskenderun's Mystic Bla  Conj/Tloc      67%        2d14      1%          4
 Petrify                  Tmut/Erth      75%        N/A       1%          4
 Summon Ice Beast         Ice/Summ       62%        N/A       1%          4
 Blade Hands              Tmut           45%        N/A       1%          5
 Iskenderun's Battlesphe  Conj           75%        2d12      1%          5
 Lightning Bolt           Conj/Air       44%        1d63      1%          5
 Conjure Ball Lightning   Conj/Air       44%        3x3d15    1%          6
 Storm Form               Tmut/Air       48%        N/A       1%          7
 Portal Projectile        Hex/Tloc       86%        N/A       2%          3
 Yara's Violent Unravell  Hex/Tmut       33%        3d14      2%          5
 Necrotise                Necr           96%        1d8       3%          1
 Summon Small Mammal      Summ           96%        N/A       3%          1
 Flame Wave               Conj/Fire      55%        2d11      3%          4
 Fulminant Prism          Conj/Hex       27%        3d14      3%          4
 Sticky Flame             Conj/Fire      55%        2d7       3%          4
 Call Imp                 Summ           24%        N/A       4%          2
 Sublimation of Blood     Necr           24%        N/A       4%          2
 Manifold Assault         Tloc           58%        N/A       6%          5
 Fireball                 Conj/Fire      27%        3d12      9%          5
 Confusing Touch          Hex            24%        N/A       10%         3
 Inner Flame              Hex/Fire       24%        N/A       10%         3
 Summon Guardian Golem    Hex/Summ       24%        N/A       10%         3
 Animate Armour           Summ/Erth      78%        N/A       11%         4
 Lee's Rapid Deconstruct  Erth           26%        3d15*     11%         5
 Iron Shot                Conj/Erth      32%        9d7       17%         6
 Orb of Destruction       Conj           37%        9d11      26%         7
 Anguish                  Hex/Necr       12%        N/A       30%         4
 Cause Fear               Hex            12%        N/A       30%         4
 Dispel Undead            Necr           24%        3d12      30%         4
 Starburst                Conj/Fire      27%        6d9       43%         6
 Summon Mana Viper        Hex/Summ       24%        N/A       65%         5
 Spellforged Servitor     Conj/Summ      27%        N/A       95%         7
 Death Channel            Necr           12%        N/A       99%         6
 Necromutation            Tmut/Necr      33%        N/A       99%         8
 Chain Lightning          Conj/Air       44%        3d58      99%         9
 Enfeeble                 Hex            12%        N/A       100%        7
 Malign Gateway           Summ/Tloc      21%        N/A       100%        7
 Borgnjor's Revivificati  Necr           12%        N/A       100%        8
 Discord                  Hex            12%        N/A       100%        8
 Disjunction              Tloc           29%        N/A       100%        8
 Summon Horrible Things   Summ           12%        N/A       100%        8
 Death's Door             Necr           12%        N/A       100%        9

Inventory:

Hand Weapons
 i - the +7 sceptre of Torment {pain, torment}
   (You found it on level 2 of the Depths)

   In the hands of one skilled in necromantic magic, it inflicts extra damage on
   living creatures.
   It occasionally torments all nearby living foes when it strikes in combat.
 m - the +8 whip "Snakebite" {venom, curare, rPois, =fmace}
   (You took it off a red draconian on level 4 of the Depths)

   It poisons the flesh of those it strikes.
   It occasionally inflicts asphyxiating poison on those it strikes, dealing
   poison damage and causing slowness.
   rPois:     It protects you from poison.
 F - the +5 mace "Isowien" {elec, *Rage rPois Str+4, mace}
   (You found it on level 5 of the Pits of Slime)

   It occasionally discharges a powerful burst of electricity upon striking a
   foe.
   Str:       It affects your strength (+4).
   rPois:     It protects you from poison.
   *Rage:     It berserks you when you make melee attacks (+20% chance).
 N - the +6 double sword of Daror (weapon) {flame, Fragile +Blink rC+ Dex+3, longrare=g}
   (You found it on level 1 of the Lair of Beasts)

   It burns those it strikes, dealing additional fire damage.
   Big, fiery blades are also staple armaments of hydra-hunters.
   Dex:       It affects your dexterity (+3).
   rC:        It protects you from cold.
   +Blink:    It lets you blink.
   Fragile:   It will be destroyed if unequipped.
Missiles
 f - 9 curare-tipped darts (quivered) {=fthrowing}
 l - 17 atropa-tipped darts {throwing}
 D - 30 poisoned darts {throwing}
 O - 3 datura-tipped darts {throwing}
Armour
 j - a +2 pair of boots (worn)
   (You found it on level 1 of the Dungeon)
 v - a +2 pair of gloves of strength (worn)
   (You bought it in a shop on level 2 of the Orcish Mines)
 w - the +0 hat "Kotzowae" (worn) {Drain rPois rC+ rN+++}
   (You acquired it on level 2 of the Orcish Mines)

   rC:        It protects you from cold.
   rPois:     It protects you from poison.
   rN:        It renders you almost immune to negative energy.
   Drain:     It drains your maximum health when unequipped.
 x - the +6 faerie dragon scales {rN+ rCorr Int+5}
   (You took it off the Enchantress on level 3 of the Depths)

   Int:       It affects your intelligence (+5).
   rN:        It protects you from negative energy.
   rCorr:     It protects you from acid and corrosion.
 G - a +2 robe of resistance (worn)
   (You found it in an ice cave)
 H - a +2 kite shield of fire resistance (worn)
   (You took it off a naga warrior on level 4 of the Snake Pit)
 I - a +2 cloak (worn)
   (You found it on level 8 of the Dungeon)
 X - a +4 kite shield of protection
   (You took it off a naga warrior on level 4 of the Snake Pit)
Jewellery
 a - an amulet of guardian spirit
   (You found it in a treasure trove)
 c - a ring of see invisible
   (You found it on level 5 of the Lair of Beasts)
 d - an amulet of reflection
   (You found it on level 3 of the Snake Pit)
 h - a ring of wizardry
   (You found it in an ice cave)
 o - a +6 ring of dexterity (left hand)
   (You found it on level 3 of the Realm of Zot)
 J - a +6 ring of dexterity (right hand)
   (You found it in an ice cave)
 L - the ring of Xeoxzuxe {Fly rC+ rN+ Int-2}
   (You found it on level 5 of the Pits of Slime)

   [ring of positive energy]

   Int:       It affects your intelligence (-2).
   rC:        It protects you from cold.
   rN:        It protects you from negative energy.
   Fly:       It grants you flight.
 U - an amulet of regeneration (around neck) {@e2}
   (You found it in an ice cave)
 Y - the ring "Exzopt" {rPois MP+9}
   (You found it on level 5 of the Pits of Slime)

   [ring of magical power]

   rPois:     It protects you from poison.
   MP:        It affects your magic capacity (+9).
Scrolls
 e - a scroll of silence {!r}
 u - 2 scrolls of amnesia
 y - 18 scrolls of teleportation {@r4}
 B - 2 scrolls of poison
 C - 4 scrolls of fog
 E - 5 scrolls of enchant weapon
 K - 2 scrolls of fear
 M - 6 scrolls of magic mapping {!r}
 Q - 3 scrolls of holy word
 R - 7 scrolls of vulnerability {!r!r}
 T - 11 scrolls of immolation {!r!r}
 Z - 5 scrolls of brand weapon
Potions
 b - 11 potions of curing {@q1}
 g - 2 potions of invisibility
 k - 7 potions of brilliance
 n - 11 potions of might
 p - 4 potions of lignification {!q}
 q - 5 potions of magic
 r - 4 potions of haste {@q3}
 s - 2 potions of resistance
 A - 6 potions of mutation {!q}
 P - 9 potions of flight
 S - 8 potions of cancellation
 V - 3 potions of berserk rage {!q}
 W - 7 potions of ambrosia

Dungeon Overview and Level Annotations

Branches:
Dungeon (15/15)            Temple (1/1) D:4            Lair (6/6) D:9
 Shoals (4/4) Lair:3        Snake (4/4) Lair:4        Slime (5/5) Lair:5
    Orc (2/2) D:11            Elf (0/3) Orc:2        Vaults (4/5) D:13
  Crypt (0/3) Vaults:2     Depths (4/4) D:15            Zot (5/5) Depths:4
  Sewer (visited)         Ossuary (visited)          Bailey (visited)
  IceCv (visited)

Altars:
Ashenzari
Cheibriados
Dithmenos
Elyvilon
Fedhas
Gozag
Hepliaklqana
Kikubaaqudgha
Makhleb
Nemelex Xobeh
Okawaru
Qazlal
Ru
Sif Muna
Trog
Uskayaw
Vehumet
Wu Jian
Xom
Yredelemnul
Zin
The Shining One
Jiyva

Shops:
D:8 *   D:13 [   Orc:2 **:[   Shoals:3 *   Vaults:1 [?[   Vaults:2 [
Vaults:3 *   Depths:1 *   Depths:2 :

Portals:
Hell: Depths:1 Depths:2 Depths:3 Depths:4
Abyss: Depths:3
Pandemonium: Orc:2 Depths:2 Depths:4
Ziggurat: Depths:3

Annotations:
Lair:2 3 runed translucent doors, Cecur's ghost, journeyman FoFi
Lair:3 1 runed translucent door, Hubris850's ghost, journeyman MfTm
Shoals:1 Roxanne
Shoals:3 6 transporters

.##..######.# ###.#.# #.
.###......#.# #.#.# #. .#
#......#.# #.#.#########. .#
#......#.# #.#........... .#
#......#.########.#........... .#
#......#.#........#....####...
.###......#.#.⌠...⌠..#....# #...
..........#.#.^###...#....####...
.####.....#.#..#@#...#.###.#.####
########.##....#'#...#.# ##.#.# #
..............⌠...⌠..#.# #.#.## #
#########.##.........#.####.#.###
#########..##.............####...
............#.#######.....# #...
..########..#.# #.....####...
..........#.#.# ##...........
.########.#.#.# ###.#...##.#


There were no monsters in sight!


Message History

You take 2 damage, and now have 210/214 hp.
You are engulfed in freezing vapours.
You resist. 😕 HP[-6]
You take 6 damage, and now have 204/214 hp. 😕 HP[+1] 😕 HP[+1]
The blizzard demon hits you but does no damage.
The blizzard demon hits you. 😕 HP[-1]
You take 1 damage, and now have 205/214 hp.
The blizzard demon attacks as you move away!
You block the blizzard demon's attack.
The blizzard demon completely misses you. 😕 HP[+2]
You regained 2 hp, and now have 207/214 hp.
Deactivating autopickup; reactivate with Ctrl-A.
You slash something! You burn something. 😕 HP[+1]
Something hits you!!
You feel your power leaking away. 😕 HP[-17] MP[-15]
You take 17 damage, and now have 191/214 hp.
You lost 15 mp, and now have 23/38 mp.
The blizzard demon attacks as you move away!
You block the blizzard demon's attack.
The blizzard demon completely misses you.
You redirect the blizzard demon's attack!
Something closely misses you. 😕 HP[+1]
The blizzard demon gestures at you. The bolt of cold misses you. 😕 HP[+1]
Something hits you but does no damage. The blizzard demon gestures at you.
The bolt of cold hits you. You resist. 😕 HP[-1]
You take 1 damage, and now have 192/214 hp.
The blizzard demon gestures at you.
The bolt of lightning hits something!
The bolt of lightning misses you. 😕 HP[+1] MP[+1]
The blizzard demon waves its arms in wide circles.
The air twists around and strikes you!! 😕 HP[-25]
You take 25 damage, and now have 168/214 hp. 😕 HP[+1] 😕 HP[+2]
You regained 2 hp, and now have 171/214 hp. 😕 HP[+1] MP[+1] 😕 HP[+1] 😕 HP[+1] 😕 HP[+2] MP[+1]
You regained 2 hp, and now have 176/214 hp.
There is a stone staircase leading up here. 😕 HP[+1]
Something completely misses you.
You climb upwards.
Reactivating autopickup.
There is a stone staircase leading down here. 😕 HP[+3]
You regained 3 hp, and now have 180/214 hp.
Something hits you!
You feel your power leaking away.
Deactivating autopickup; reactivate with Ctrl-A. 😕 HP[-10] MP[-8]
You take 10 damage, and now have 170/214 hp.
You lost 8 mp, and now have 18/38 mp.
Casting: Maxwell's Capacitive Coupling (dangerous; 3% risk of failure)
Confirm with . or Enter, or press ? or * to list all spells.
You erupt in a fountain of uncontrolled magic!
Something is blasted with magical radiation!!
You are very lightly contaminated with residual magic.
You block something's attack. 😕 HP[+1] MP[-5]
You lost 5 mp, and now have 13/38 mp.
Casting: Irradiate (mildly dangerous; 1% risk of failure)
Confirm with . or Enter, or press ? or * to list all spells.
You erupt in a fountain of uncontrolled magic!
Something is blasted with magical radiation!!!
Reactivating autopickup.
You feel a bit more experienced. 😕 HP[+2] MP[-5]
You regained 2 hp, and now have 173/214 hp.
You lost 5 mp, and now have 8/38 mp.
There is a stone staircase leading down here. 😕 HP[+1] 😕 HP[+1] MP[+1] 😕 HP[+1]
You open the door.
There is an open door here.
Your magical contamination has completely faded away. 😎 HP[+38] MP[+8]
Your hp is fully restored (214).
You regained 8 mp, and now have 17/38 mp.
You feel yourself speed up. 😎 MP[+1]
There is an open door here. 😎 MP[+1]
There is a staircase leading out of the dungeon here.
You can't go down here!
You have escaped!

Skill      XL: |  1  2  3  4  5  6  7  8  9 10 11 12 13 14 15 16 17 18 19 20 21 22 23 24 25 26 |
---------------+-------------------------------------------------------------------------------+-----
Dodging        | 3 4 5 6 7 9 10 11 13 14 16 17 18 19 | 19.4
Fighting       | 1 2 3 4 5 7 8 9 10 11 12 17 | 17.1
Ice Magic      | 5 6 7 8 9 10 11 12 13 14 15 | 15.0
Spellcasting   | 3 4 5 6 7 8 9 10 12 15 16 | 16.0
Armour         | 2 3 0 |  0.0
Polearms       | 2 5 7 9 10 | 10.6
Transmutations | 5 9 12 14 15 17 | 17.4
Long Blades    | 4 8 11 14 16 | 16.0
Stealth        | 3 5 |  5.0
Air Magic      | 1 4 6 8 10 12 13 15 18 20 21 | 21.0
Shields        | 1 5 7 10 12 14 15 | 15.6
Conjurations   | 4 7 9 11 | 11.3
Earth Magic    | 1 5 |  5.0
Translocations | 6 |  6.4

Action                   |  1- 3 |  4- 6 |  7- 9 | 10-12 | 13-15 | 16-18 | 19-21 | 22-24 | 25-27 || total
-------------------------+-------+-------+-------+-------+-------+-------+-------+-------+-------++-------
Melee: Club              |     2 |       |       |       |       |       |       |       |       ||     2
       Hand axe          |    25 |    19 |       |       |       |       |       |       |       ||    44
       Flail             |       |    65 |   142 |    54 |       |       |       |       |       ||   261
       Tailslap          |       |     1 |       |       |       |    52 |    14 |     6 |       ||    73
       Punch             |       |       |     5 |     3 |       |       |       |       |       ||     8
       Trident           |       |       |    22 |   539 |       |       |       |       |       ||   561
       Short sword       |       |       |    15 |       |       |       |       |       |       ||    15
       Unarmed           |       |       |     7 |       |       |       |       |       |       ||     7
       Double sword      |       |       |       |    42 |   820 |   926 |   911 |  1397 |   592 ||  4688
Throw: Dart              |       |       |       |    18 |     4 |     1 |     1 |       |       ||    24
 Cast: Freeze            |    47 |    23 |    10 |       |       |       |       |       |       ||    80
       Frozen Ramparts   |     2 |    15 |    40 |    87 |    68 |    63 |    51 |    44 |    11 ||   381
       Ozocubu's Armour  |       |       |    24 |    65 |    59 |    54 |    48 |    17 |    10 ||   277
       Hailstorm         |       |       |       |     8 |    11 |     3 |     5 |     3 |       ||    30
       Freezing Cloud    |       |       |       |       |     2 |    83 |    79 |    90 |    49 ||   303
       Leda's Liquefacti |       |       |       |       |       |     1 |       |     1 |       ||     2
       Summon Lightning  |       |       |       |       |       |       |    13 |    45 |     1 ||    59
       Storm Form        |       |       |       |       |       |       |     3 |       |       ||     3
       Irradiate         |       |       |       |       |       |       |     6 |    38 |    31 ||    75
       Statue Form       |       |       |       |       |       |       |       |    44 |       ||    44
       Maxwell's Capacit |       |       |       |       |       |       |       |     4 |    98 ||   102
       Blink             |       |       |       |       |       |       |       |       |     3 ||     3
Invok: Sacrifice Resista |       |       |     1 |       |       |       |       |       |       ||     1
       Sacrifice Artific |       |       |     1 |       |       |       |       |       |       ||     1
       Power Leap        |       |       |       |    10 |     1 |       |       |     2 |     2 ||    15
       Draw Out Power    |       |       |       |     2 |     2 |     2 |     5 |     3 |    10 ||    24
       Apocalypse        |       |       |       |     1 |     2 |     4 |     9 |     2 |     1 ||    19
       Sacrifice Durabil |       |       |       |     1 |       |       |       |       |       ||     1
       Reject Sacrifices |       |       |       |       |     2 |       |       |       |       ||     2
       Sacrifice Health  |       |       |       |       |       |     1 |       |       |       ||     1
 Abil: End Transformatio |       |       |       |       |       |       |     1 |       |       ||     1
  Use: Scroll            |       |       |     3 |     9 |     8 |     9 |    10 |    12 |    17 ||    68
       Potion            |       |       |       |     4 |     1 |       |     2 |     9 |    22 ||    38
 Stab: Sleeping          |     2 |     3 |     1 |       |       |     6 |     8 |     3 |     1 ||    24
       Invisible         |       |       |     1 |     1 |     9 |    15 |     5 |     7 |    14 ||    52
       Paralysed         |       |       |       |     2 |     9 |    11 |    11 |     4 |       ||    37
       Distracted        |       |       |       |     2 |     5 |    11 |    13 |    31 |     9 ||    71
       Petrified         |       |       |       |       |     2 |       |       |       |       ||     2
Armor: Robe              |     9 |    23 |    42 |       |   158 |   187 |   130 |    33 |    85 ||   667
       Leather armour    |       |       |    11 |   124 |     9 |       |       |       |       ||   144
       Skin              |       |       |     2 |       |       |       |       |   174 |       ||   176
       Acid dragon scale |       |       |       |       |       |       |       |   133 |    44 ||   177
Dodge: Dodged            |    38 |    68 |   180 |   478 |   848 |   938 |   524 |   736 |   550 ||  4360
Block: Kite shield       |       |       |       |       |       |   406 |   574 |  1082 |   567 ||  2629

Levels and vault maps discovered:
D:1:      scummos_arrival_simple_fountains, layout_basic, minivault_24,
          chequers_serial_rivers_marsh
D:2:      layout_loops_cross, supply_closet_lemuel, grunt_ministairs_15
D:3:      layout_basic, kennysheep_jessica_study
D:4:      layout_basic, temple_fountains, gup_sewer_entry_pipe,
          chequers_arboretum
D:5:      layout_loops_ring, xom_butterflies, lemuel_round_altar,
          serial_aquarium, aquarium_bridge_square [aquarium_subvault_bridge,
          aquarium_subvault_bridge, aquarium_subvault_window,
          aquarium_subvault_bridge], aquarium_bridge_square
          [aquarium_subvault_bridge, aquarium_subvault_bridge,
          aquarium_subvault_wall, aquarium_subvault_wall], aquarium_window_fake,
          aquarium_window_corner, aquarium_view_2c, aquarium_balcony_double_1
D:6:      layout_basic, nicolae_tso_besieged_by_evil, serial_aquarium,
          aquarium_bridge_long_joined [aquarium_subvault_window,
          aquarium_subvault_window, aquarium_subvault_balcony,
          aquarium_subvault_wall, aquarium_subvault_bridge,
          aquarium_subvault_window], aquarium_window_corner, aquarium_window_3,
          aquarium_window_fake, aquarium_view_4, aquarium_view_2g,
          aquarium_pool_S, enter_ossuary_5, uniq_duvessa, uniq_pikel
D:7:      layout_basic, nemelex_spade_bored_becter, enter_bailey_5,
          uniq_prince_ribbit1
D:8:      layout_loops_ring, grunt_temple_overflow_open, gammafunk_ghost_smash,
          nicolae_shop_overcharged_wands
D:9:      layout_rooms, dpeg_oklobed_lair, hangedman_decor_lopped, eino_jars
D:10:     layout_small_grid, grunt_gozag_statues
D:11:     layout_basic, zombieorc1_lemuel, minivault_16
D:12:     layout_layer_cave, uniq_erolcha, uniq_urug, uniq_rupert
D:13:     layout_basic, erik_vaults_2, serial_shops, nicolae_take_the_stairs
D:14:     layout_basic, nicolae_ru_the_path_less_chosen
D:15:     grunt_enter_depths_magical_seal, layout_gridville,
          nrook_pool_corridor, nicolae_trove_entry_isolated
Temple:   nicolae_temple_x_marks_the_god
Lair:1:   layout_chaotic_city, grunt_megastairs_1, uniq_joseph, uniq_fannar
Lair:2:   layout_hall_layers, gammafunk_ghost_split, uniq_maggie
Lair:3:   layout_cave_pods, minmay_shoals_entry_centaurs,
          portal_ice_cave_demonic_guard, ebering_ghost_xom, lemuel_fruit_fields
Lair:4:   layout_regular_city, dummy_snake_entry, uniq_josephine
Lair:5:   nzn_winding_woodlands_medium [nzn_winding_woodlands_5x5_cross,
          nzn_winding_woodlands_5x15_parted,
          nzn_winding_woodlands_5x5_checkerboard,
          nzn_winding_woodlands_5x5_three,
          nzn_winding_woodlands_center_diamonds,
          nzn_winding_woodlands_5x5_open_star,
          nzn_winding_woodlands_5x5_perimeter, nzn_winding_woodlands_5x15_cabin,
          nzn_winding_woodlands_5x5_default], layout_gridlike,
          minmay_slime_entry_oklob_enclosed, lemuel_fruit_fields
Lair:6:   wormcave, layout_gridlike, lemuel_fruit_tree
Shoals:1: layout_shoals, uniq_roxanne
Shoals:2: layout_shoals
Shoals:3: layout_shoals, serial_shops, nicolae_square_shop,
          serial_nicolae_subway, nicolae_sub_station_stone,
          nicolae_sub_station_metal, nicolae_sub_station_crystal, uniq_ilsuiw,
          uniq_nikola, uniq_polyphemus
Shoals:4: shoals_end_hellmonk_lost_city
Snake:1:  layout_rooms, basic_altar
Snake:2:  nicolae_snake_shooting_gallery, layout_honeycomb, serial_bayou_shore_a
Snake:3:  layout_grid_maze, grunt_megastairs_5
Snake:4:  snake_pit_salamanders_mu, layout_grid_maze, guppyfry_snake_island
Slime:1:  layout_caves
Slime:2:  layout_caves
Slime:3:  layout_caves
Slime:4:  layout_caves, cheibrodos_slime_lost_civilization_7, uniq_dissolution
Slime:5
Orc:1:    layout_caves, basic_altar, david_defended_altar_orc
Orc:2:    pf_orc_diabolical, layout_diamond_mine, mines1_david, uniq_jorgrun
Vaults:1: nicolae_vaults_mini_display_case, vaults_room_corners,
          nicolae_vaults_quartermaster, ontoclasm_vaults_decontamination,
          hangedman_vaults_nodes, vaults_room_corners,
          ontoclasm_vaults_loading_screen, v_rooms_3,
          nicolae_vaults_angled_halls, vaults_room_semicircle,
          nicolae_vaults_alarming, layout_vaults_omnicross, serial_shops,
          shop_fountains, shop, nicolae_shop_trees
Vaults:2: v_misc_8, ontoclasm_vaults_bender, minmay_crypt_entry_simple_box,
          hangedman_vaults_capsules, hangedman_vaults_stretched_pinwheel,
          nicolae_vaults_big_ls, hangedman_vaults_cutoff,
          ontoclasm_vaults_loading_screen, vaults_room_stairs_pillars,
          layout_vaults_chaotic_city, serial_shops, nicolae_shop_crystal
Vaults:3: ebering_ghost_gozag, v_misc_11, dpeg_vaults_monster_row,
          nicolae_vaults_border_crossing, ontoclasm_vaults_twist,
          ontoclasm_vaults_ring_large, nicolae_vaults_display_case,
          nicolae_vaults_three_branches, vaults_mumra_lcd, hangedman_vaults_hat,
          v_misc_29, hangedman_vaults_stretched_pinwheel,
          nicolae_vaults_little_squares_4, layout_vaults_maze_bifur
Vaults:4: serial_ice_b, v_misc_28, vaults_mumra_chevron, st_lines, v_pattern_5,
          v_misc_9, layout_vaults_quadrants
Depths:1: abrahamwl_protected_by_tso_1, layout_cave_pools, serial_shops,
          shop_statue, hell_entry, nicolae_concentric_dashed_squares_mild,
          lightli_fourway_metalbox, serial_bayou_shore_b
Depths:2: evilmike_negative_zone, layout_gridlike,
          nicolae_dithmenos_the_darkroom, grunt_pan_entry_in_and_out,
          pf_hell_entry_great_geh, nicolae_shop_self_help,
          infiniplex_staircase_pool_2
Depths:3: grunt_deathspiral_large, layout_small_grid, enter_ziggurat_e,
          amcnicky_mini_pool_small, hangedman_abyss_entry_splay,
          grunt_mini_vestibule, serial_bayou_lagoon_b, uniq_enchantress
Depths:4: lemuel_castle_with_subvaults [lemuel_castle_interior_carwin_2],
          layout_honeycomb, pan_entry, led_sif_pool, hell_entry, uniq_parghit
Zot:1:    lemuel_draconian_sentries_small, layout_gridlike,
          lemuel_baited_zot_trap, uniq_grunn
Zot:2:    layout_misc_corridors, st_small_dragon_hoard_3
Zot:3:    layout_gridlike, st_stairs_8, bh_zot_lava_cross
Zot:4:    layout_gridlike, zot_minivault_6, grunt_megastairs_2
Zot:5:    layout_basic

Notes
Turn   | Place    | Note
-------+----------+-------------------------------------------
     0 | D:1      | mcwallace the Merfolk Ice Elementalist began the quest for
                  | the Orb.
     0 | D:1      | Reached XP level 1. HP: 13/13 MP: 3/3
     0 | D:1      | magus.rc [v1.9.6]
   331 | D:1      | Reached skill level 3 in Dodging
   331 | D:1      | Reached XP level 2. HP: 20/20 MP: 3/5
   842 | D:1      | Reached skill level 1 in Fighting
  1036 | D:1      | Reached XP level 3. HP: 20/26 MP: 3/6
  1500 | D:1      | Learned a level 3 spell: Frozen Ramparts
  2235 | D:2      | Reached XP level 4. HP: 32/32 MP: 5/7
  2835 | D:3      | Reached skill level 2 in Fighting
  2837 | D:3      | Reached skill level 4 in Dodging
  2837 | D:3      | Reached skill level 5 in Ice Magic
  2837 | D:3      | Reached XP level 5. HP: 38/38 MP: 4/9
  3250 | D:3      | Reached skill level 3 in Spellcasting
  3487 | D:3      | Noticed Jessica
  3500 | D:3      | Killed Jessica
  3636 | D:4      | Found a staircase to the Ecumenical Temple.
  3655 | Temple   | Entered the Ecumenical Temple
  3721 | Temple   | Became a worshipper of Ru the Awakened
  3842 | D:4      | Reached XP level 6. HP: 45/46 MP: 6/10
  3864 | D:4      | Found a glowing drain.
  3876 | Sewer    | Entered a sewer
  3931 | Sewer    | Reached skill level 3 in Fighting
  4102 | Sewer    | Reached skill level 5 in Dodging
  4202 | Sewer    | Reached XP level 7. HP: 34/52 MP: 9/12
  4780 | D:4      | Reached skill level 6 in Ice Magic
  4784 | D:4      | Learned a level 3 spell: Ozocubu's Armour
  5296 | D:4      | Gained mutation: You are sensitive to extremes of
                  | temperature. (rF-, rC-) [Ru sacrifice]
  5296 | D:4      | Reached * piety under Ru
  5296 | D:4      | Reached ** piety under Ru
  5358 | D:4      | Reached skill level 4 in Fighting
  5358 | D:4      | Reached skill level 4 in Spellcasting
  5496 | D:4      | Reached skill level 6 in Dodging
  5792 | D:5      | Entered Level 5 of the Dungeon
  5792 | D:5      | Noticed a yak
  5792 | D:5      | You fall into a shaft and drop 1 floor!
  5819 | D:6      | Reached XP level 8. HP: 58/61 MP: 4/14
  5838 | D:6      | Found a glowing golden altar of the Shining One.
  5969 | D:6      | Found a sand-covered staircase.
  5973 | Ossuary  | Entered an ossuary
  6054 | Ossuary  | Reached skill level 5 in Fighting
  6201 | Ossuary  | Reached skill level 7 in Dodging
  6399 | Ossuary  | You pick up a book of Alchemy and begin reading...
  6399 | Ossuary  | You add the spells Sublimation of Blood, Petrify and
                  | Irradiate to your library.
  6484 | D:6      | Reached skill level 7 in Ice Magic
  6522 | D:6      | Reached skill level 5 in Spellcasting
  6640 | D:6      | Noticed Duvessa
  6641 | D:6      | Noticed Dowan
  6854 | D:5      | You add the spells Ignite Poison, Mephitic Cloud and
                  | Freezing Cloud to your library.
  6858 | D:5      | Reached XP level 9. HP: 67/69 MP: 9/17
  7083 | D:5      | Reached skill level 1 in Armour
  7116 | D:5      | You pick up a book of Misfortune and begin reading...
  7116 | D:5      | You add the spells Confusing Touch, Yara's Violent
                  | Unravelling and Enfeeble to your library.
  7132 | D:5      | Reached skill level 6 in Fighting
  7132 | D:5      | Reached skill level 8 in Dodging
  7144 | D:5      | Reached skill level 2 in Armour
  7144 | D:5      | Reached skill level 8 in Ice Magic
  7220 | D:5      | Reached skill level 6 in Spellcasting
  7378 | D:5      | Found a hide-covered altar of Uskayaw.
  7571 | D:5      | Found a shimmering altar of Xom.
  7643 | D:5      | Gained mutation: You cannot study or use magical devices.
                  | [Ru sacrifice]
  7643 | D:5      | Reached *** piety under Ru
  7643 | D:5      | Reached **** piety under Ru
  8004 | D:6      | Killed Dowan
  8089 | D:6      | Killed Duvessa
  8090 | D:6      | Reached skill level 1 in Polearms
  8401 | D:6      | Noticed Pikel
  8415 | D:6      | Killed Pikel
  8416 | D:6      | Reached skill level 7 in Fighting
  8416 | D:6      | Reached skill level 2 in Polearms
  8416 | D:6      | Reached skill level 9 in Dodging
  8416 | D:6      | Reached XP level 10. HP: 70/79 MP: 13/19
  8486 | D:6      | Learned a level 4 spell: Hailstorm
  8766 | D:6      | Reached skill level 3 in Polearms
  9087 | D:7      | Reached skill level 3 in Armour
  9247 | D:7      | Found a sparkling altar of Nemelex Xobeh.
  9263 | D:7      | Found a flagged portal.
  9319 | D:7      | Noticed a boulder beetle
  9322 | Bailey   | Entered a bailey
  9513 | Bailey   | Reached skill level 4 in Polearms
  9618 | Bailey   | Noticed an orc knight
  9663 | Bailey   | Killed an orc knight
  9664 | Bailey   | Reached skill level 10 in Dodging
  9664 | Bailey   | Reached skill level 9 in Ice Magic
  9813 | Bailey   | Noticed an orc warlord
  9814 | Bailey   | Noticed an orc knight
  9841 | Bailey   | Reached skill level 7 in Spellcasting
  9858 | Bailey   | Reached skill level 5 in Polearms
 10033 | Bailey   | HP: 17/78 [orc knight/+3 war axe (18)]
 10038 | Bailey   | Killed an orc knight
 10039 | Bailey   | Reached skill level 8 in Fighting
 10039 | Bailey   | Reached XP level 11. HP: 33/86 MP: 16/21
 10572 | Bailey   | You pick up a book of Decay and begin reading...
 10572 | Bailey   | You add the spells Corpse Rot, Dispel Undead and Death
                  | Channel to your library.
 10684 | D:7      | Killed a boulder beetle
 10685 | D:7      | Reached skill level 4 in Armour
 11070 | D:7      | Noticed Prince Ribbit
 11080 | D:7      | Killed Prince Ribbit
 11453 | D:7      | Gained mutation: You cannot train Armour skill. [Ru
                  | sacrifice]
 11453 | D:7      | Reduced skill Armour to level 0
 11453 | D:7      | Reached ***** piety under Ru
 11574 | D:7      | Reached skill level 6 in Polearms
 11991 | D:8      | Found Qomal's Overcharged Wands.
 12184 | D:8      | Found a stormy altar of Qazlal.
 12230 | D:8      | Found a transporter.
 12247 | D:8      | Found a transporter.
 12249 | D:8      | Noticed drugrobin's ghost (novice DgFi)
 12301 | D:8      | Found a radiant altar of Vehumet.
 12302 | D:8      | Found an ancient bone altar of Kikubaaqudgha.
 12306 | D:8      | Found a shimmering blue altar of Sif Muna.
 12307 | D:8      | Found an ornate altar of the Wu Jian Council.
 12564 | D:8      | Killed drugrobin's ghost
 12797 | D:9      | Reached skill level 11 in Dodging
 13360 | D:9      | You pick up a book of Minor Magic and begin reading...
 13360 | D:9      | You add the spells Magic Dart and Call Imp to your library.
 13367 | D:9      | You pick up a book of Hexes and begin reading...
 13367 | D:9      | You add the spells Inner Flame, Cause Fear and Discord to
                  | your library.
 13452 | D:9      | Reached skill level 10 in Ice Magic
 13467 | D:9      | Reached skill level 7 in Polearms
 13477 | D:9      | Reached skill level 9 in Fighting
 13669 | D:9      | Reached skill level 8 in Spellcasting
 13669 | D:9      | magus.rc [v1.9.6]
 13725 | D:9      | Found a staircase to the Lair.
 13787 | D:10     | Entered Level 10 of the Dungeon
 13985 | D:10     | Found an opulent altar of Gozag.
 14036 | D:10     | Reached XP level 12. HP: 93/95 MP: 14/24
 14909 | D:11     | Reached skill level 8 in Polearms
 14949 | D:11     | You add the spells Conjure Flame and Sticky Flame to your
                  | library.
 15104 | D:11     | Reached skill level 12 in Dodging
 15168 | D:11     | Noticed a two-headed ogre
 15182 | D:11     | Killed a two-headed ogre
 15225 | D:11     | Noticed a two-headed ogre
 15240 | D:11     | Killed a two-headed ogre
 15370 | D:11     | Found a staircase to the Orcish Mines.
 15416 | D:11     | You pick up a book of Dangerous Friends and begin
                  | reading...
 15416 | D:11     | You add the spells Summon Guardian Golem, Orb of
                  | Destruction and Spellforged Servitor to your library.
 15786 | D:11     | HP: 23/97 [cyan ugly thing (13)]
 16231 | Lair:1   | Entered Level 1 of the Lair of Beasts
 16270 | Lair:1   | Reached skill level 10 in Fighting
 16300 | Lair:1   | You pick up a book of Dangerous Friends and begin
                  | reading...
 16335 | Lair:1   | Reached skill level 9 in Polearms
 16335 | Lair:1   | Reached skill level 11 in Ice Magic
 16596 | Lair:1   | Identified the +6 double sword of Daror {flame, Fragile
                  | +Blink rC+ Dex+3}
 16597 | Lair:1   | N - the +6 double sword of Daror {flame, Fragile +Blink rC+
                  | Dex+3, longrare=g}
 16598 | Lair:1   | the +6 double sword of Daror {flame, Fragile +Blink rC+
                  | Dex+3, longrare=g} bursts into flame!
 16598 | Lair:1   | N - the +6 double sword of Daror (weapon) {flame, Fragile
                  | +Blink rC+ Dex+3, longrare=g}
 16903 | Lair:1   | Reached skill level 9 in Spellcasting
 17187 | Lair:1   | Reached skill level 13 in Dodging
 17187 | Lair:1   | Reached XP level 13. HP: 99/104 MP: 24/26
 17233 | Lair:1   | Noticed Fannar
 17259 | Lair:1   | Killed Fannar
 17344 | Lair:1   | Noticed Joseph
 17362 | Lair:1   | Killed Joseph
 17363 | Lair:1   | Reached skill level 10 in Polearms
 17744 | Lair:2   | Noticed Maggie
 17768 | Lair:2   | Killed Maggie
 18016 | Lair:2   | You pick up a book of the Earth and begin reading...
 18016 | Lair:2   | You add the spells Leda's Liquefaction, Lee's Rapid
                  | Deconstruction and Statue Form to your library.
 18063 | Lair:2   | Noticed Cecur's ghost (journeyman FoFi)
 18064 | Lair:2   | Found a runed translucent gate.
 18065 | Lair:2   | Found a runed translucent gate.
 18065 | Lair:2   | Found a runed translucent gate.
 18109 | Lair:2   | You pick up a book of Weapons and begin reading...
 18109 | Lair:2   | You add the spells Portal Projectile, Excruciating Wounds
                  | and Blade Hands to your library.
 18444 | Lair:2   | Reached skill level 1 in Transmutations
 18752 | Lair:3   | Found a runed translucent door.
 18753 | Lair:3   | Found a shimmering altar of Xom.
 18753 | Lair:3   | Noticed Hubris850's ghost (journeyman MfTm)
 18777 | Lair:3   | Reached skill level 1 in Long Blades
 18794 | Lair:3   | Reached skill level 2 in Transmutations
 18823 | Lair:3   | Reached skill level 11 in Fighting
 18849 | Lair:3   | Found a frozen archway.
 18959 | IceCv    | Entered an ice cave
 19113 | IceCv    | Reached skill level 2 in Long Blades
 19271 | IceCv    | Noticed a white draconian
 19297 | IceCv    | Killed a white draconian
 19298 | IceCv    | Reached skill level 3 in Transmutations
 20095 | Lair:3   | Found a staircase to the Shoals.
 20170 | Lair:3   | Reached skill level 3 in Long Blades
 20263 | Lair:3   | Reached skill level 4 in Transmutations
 20313 | Lair:3   | Reached skill level 14 in Dodging
 20313 | Lair:3   | Reached skill level 10 in Spellcasting
 21075 | Lair:4   | Reached skill level 4 in Long Blades
 21144 | Lair:4   | Reached skill level 5 in Transmutations
 21219 | Lair:4   | Noticed Josephine
 21233 | Lair:4   | Killed Josephine
 21239 | Lair:4   | Reached XP level 14. HP: 114/114 MP: 26/28
 21255 | Lair:4   | Found a staircase to the Snake Pit.
 21344 | Lair:4   | Reached skill level 5 in Long Blades
 21349 | Lair:4   | Reached skill level 6 in Transmutations
 21452 | Lair:4   | Reached skill level 12 in Fighting
 22115 | Lair:5   | Reached skill level 6 in Long Blades
 22266 | Lair:5   | Reached skill level 7 in Transmutations
 22320 | Lair:5   | Reached skill level 15 in Dodging
 22706 | Lair:5   | Reached skill level 7 in Long Blades
 22784 | Lair:5   | Reached skill level 8 in Transmutations
 23012 | Lair:5   | Found a staircase to the Slime Pits.
 23224 | Lair:6   | Entered Level 6 of the Lair of Beasts
 23623 | Lair:6   | Reached skill level 8 in Long Blades
 23623 | Lair:6   | Reached skill level 9 in Transmutations
 23644 | Lair:6   | You pick up a book of Frost and begin reading...
 23699 | Lair:6   | Reached skill level 3 in Stealth
 23823 | Lair:6   | Reached skill level 16 in Dodging
 24094 | Lair:6   | Reached XP level 15. HP: 120/120 MP: 25/29
 24156 | Lair:6   | Reached skill level 4 in Stealth
 24480 | D:12     | Noticed Urug
 24544 | D:12     | You pick up a book of Air and begin reading...
 24544 | D:12     | You add the spells Shock, Swiftness and Airstrike to your
                  | library.
 24791 | D:12     | Reached skill level 9 in Long Blades
 24791 | D:12     | Reached skill level 10 in Transmutations
 24839 | D:12     | Noticed Erolcha
 24853 | D:12     | Killed Erolcha
 24932 | D:12     | You pick up a book of Lightning and begin reading...
 24932 | D:12     | You add the spells Static Discharge, Lightning Bolt and
                  | Maxwell's Capacitive Coupling to your library.
 25169 | D:12     | Killed Urug
 25170 | D:12     | Reached skill level 5 in Stealth
 25541 | D:12     | Noticed Rupert
 25554 | D:12     | Killed Rupert
 26043 | Orc:1    | Entered Level 1 of the Orcish Mines
 26067 | Orc:1    | Noticed an orc warlord
 26082 | Orc:1    | Killed an orc warlord
 26367 | Orc:2    | Entered Level 2 of the Orcish Mines
 26367 | Orc:2    | Found a staircase to the Elven Halls.
 26623 | Orc:2    | Found Taemub's General Store.
 26662 | Orc:2    | Reached skill level 10 in Long Blades
 26662 | Orc:2    | Reached skill level 11 in Transmutations
 26673 | Orc:2    | Found Suzujemi's General Store.
 26738 | Orc:2    | Reached skill level 17 in Dodging
 27231 | Orc:2    | Noticed Jorgrun
 27246 | Orc:2    | Killed Jorgrun
 27642 | Orc:2    | Reached skill level 12 in Transmutations
 27657 | Orc:2    | Reached skill level 11 in Long Blades
 27680 | Orc:2    | Found Guis's Book Emporium.
 27680 | Orc:2    | Found Tihuwa Jahyf's Antique Armour Shoppe.
 27681 | Orc:2    | Found a one-way gate leading to the halls of Pandemonium.
 27685 | Orc:2    | Bought a pair of runed gloves for 217 gold pieces
 27731 | Orc:2    | Bought a scroll of acquirement for 624 gold pieces
 27731 | Orc:2    | Acquired the +0 hat "Kotzowae" {Drain rPois rC+ rN+++}
 27753 | Orc:2    | Learned a level 5 spell: Freezing Cloud
 27753 | Orc:2    | Acquired 519 gold pieces
 27983 | D:13     | Reached skill level 1 in Air Magic
 28089 | D:13     | Reached skill level 1 in Shields
 28089 | D:13     | Reached skill level 12 in Ice Magic
 28090 | D:13     | Reached XP level 16. HP: 118/127 MP: 20/30
 28257 | D:13     | Found a gate to the Vaults.
 28441 | D:13     | Found Yzet's Antique Armour Shoppe.
 28482 | D:13     | Reached skill level 2 in Air Magic
 28511 | D:13     | Reached skill level 2 in Shields
 28803 | D:13     | Reached skill level 18 in Dodging
 29510 | D:14     | Reached skill level 3 in Shields
 29629 | D:14     | Reached skill level 13 in Transmutations
 29948 | D:14     | Found a sacrificial altar of Ru.
 30205 | D:15     | Entered Level 15 of the Dungeon
 30633 | D:15     | Reached skill level 3 in Air Magic
 30719 | D:15     | Identified a +1 robe of the Archmagi
 30791 | D:15     | Found a staircase to the Depths.
 30910 | D:15     | Found a portal to a secret trove of treasure.
 31043 | D:15     | This trove needs a +5 demon blade to function. Give it the
                  | item?
 31415 | Snake:1  | Entered Level 1 of the Snake Pit
 31495 | Snake:1  | Reached skill level 4 in Shields
 31540 | Snake:1  | Identified a +0 robe of the Archmagi
 31637 | Snake:1  | Identified the amulet "Efuilogo" {+Blink +Inv Regen+ Slay-6
                  | SInv}
 31645 | Snake:1  | Found a blossoming altar of Fedhas.
 31933 | Snake:1  | Reached skill level 4 in Air Magic
 32057 | Lair:5   | Gained mutation: You have somewhat slow reflexes. (EV -5)
                  | [Ru sacrifice]
 32057 | Lair:5   | Reached ****** piety under Ru
 32606 | Snake:2  | Reached skill level 13 in Ice Magic
 32774 | Snake:2  | Reached skill level 5 in Shields
 32857 | Snake:2  | Reached skill level 14 in Transmutations
 33074 | Snake:2  | Reached XP level 17. HP: 130/133 MP: 15/31
 33460 | Snake:2  | Reached skill level 19 in Dodging
 33535 | Snake:2  | Reached skill level 5 in Air Magic
 34082 | Snake:2  | Identified the +4 fustibalus "Hydra's Regret" {venom,
                  | *Corrode rF+ SInv}
 34269 | Snake:3  | Reached skill level 6 in Shields
 34786 | Snake:3  | You add the spells Borgnjor's Revivification, Necromutation
                  | and Death's Door to your library.
 35357 | Snake:4  | Entered Level 4 of the Snake Pit
 35605 | Snake:4  | Reached skill level 15 in Transmutations
 35988 | Snake:4  | Reached skill level 7 in Shields
 36113 | Snake:4  | Reached skill level 14 in Ice Magic
 36113 | Snake:4  | Reached skill level 6 in Air Magic
 37198 | Snake:4  | Reached XP level 18. HP: 62/130 MP: 16/32
 37220 | Snake:4  | Reached skill level 8 in Shields
 37474 | Snake:4  | Reached skill level 7 in Air Magic
 37804 | Snake:4  | Got a serpentine rune of Zot
 38123 | Shoals:1 | Entered Level 1 of the Shoals
 38136 | Shoals:1 | Reached skill level 15 in Ice Magic
 38163 | Shoals:1 | You pick up a book of Power and begin reading...
 38163 | Shoals:1 | You add the spells Iskenderun's Battlesphere and Iron Shot
                  | to your library.
 38555 | Shoals:1 | Reached skill level 9 in Shields
 38558 | Shoals:1 | Reached skill level 1 in Conjurations
 38662 | Shoals:1 | Learned a level 4 spell: Leda's Liquefaction
 38809 | Shoals:1 | Noticed Roxanne
 39245 | Shoals:2 | Reached skill level 2 in Conjurations
 39561 | Shoals:2 | Reached skill level 8 in Air Magic
 39799 | Shoals:2 | Found the +10 tower shield of Ignorance {rN+ Int-4}
 40099 | Shoals:3 | Noticed Ilsuiw
 40101 | Shoals:3 | Reached skill level 3 in Conjurations
 40124 | Shoals:3 | Killed Ilsuiw
 40243 | Shoals:3 | Found a transporter.
 40247 | Shoals:3 | Noticed Polyphemus
 40249 | Shoals:3 | Found a transporter.
 40266 | Shoals:3 | Killed Polyphemus
 40270 | Shoals:3 | Found a transporter.
 40273 | Shoals:3 | Found a transporter.
 40374 | Shoals:3 | Found Zur Naon's General Store.
 40408 | Shoals:3 | Reached skill level 10 in Shields
 40552 | Shoals:3 | Found a transporter.
 40767 | Shoals:3 | Noticed Nikola
 40778 | Shoals:3 | Found a transporter.
 40885 | Shoals:3 | Killed Nikola
 40886 | Shoals:3 | Reached skill level 4 in Conjurations
 41088 | Shoals:4 | Entered Level 4 of the Shoals
 41326 | Shoals:4 | Reached XP level 19. HP: 115/146 MP: 27/33
 41328 | Shoals:4 | Reached skill level 9 in Air Magic
 41464 | Shoals:4 | Identified the +8 trident of the Orcish Mines {vamp, rPois
                  | Dex+2}
 41553 | Shoals:4 | Reached skill level 5 in Conjurations
 41694 | Shoals:4 | Reached skill level 11 in Shields
 41718 | Shoals:4 | You add the spells Flame Wave and Fireball to your library.
 41718 | Shoals:4 | Got Byculaha's Volume of Flames
 41720 | Shoals:4 | Got a barnacled rune of Zot
 42811 | Vaults:1 | Entered Level 1 of the Vaults
 42811 | Vaults:1 | Found Gooluvarr's Antique Armour Shop.
 42817 | Vaults:1 | Reached skill level 6 in Conjurations
 43013 | Lair:1   | Identified the +0 robe of Hotacen {Int+2}
 43187 | Vaults:1 | Found Zinysosk's Antique Armour Boutique.
 43303 | Vaults:1 | Bought a glowing robe for 144 gold pieces
 43319 | Vaults:1 | Found Vadel's Magic Scroll Boutique.
 43383 | Vaults:1 | Reached skill level 10 in Air Magic
 43428 | Vaults:1 | Reached skill level 12 in Shields
 43558 | Vaults:1 | Bought a glowing buckler for 210 gold pieces
 43831 | Vaults:1 | Reached skill level 7 in Conjurations
 44273 | Vaults:1 | magus.rc [v1.9.6]
 44769 | Vaults:2 | Reached XP level 20. HP: 100/153 MP: 14/34
 44854 | Vaults:2 | magus.rc [v1.9.6]
 44879 | Vaults:2 | You pick up a book of Air and begin reading...
 44962 | Vaults:2 | Found a staircase to the Crypt.
 45494 | Vaults:2 | Found Hereuz's Armour Shoppe.
 45549 | Vaults:2 | Reached skill level 11 in Air Magic
 45594 | Vaults:2 | HP: 30/146 [vault warden/+0 war axe (31)]
 45716 | Vaults:2 | Reached skill level 8 in Conjurations
 45834 | Vaults:2 | Reached skill level 13 in Shields
 46823 | Vaults:3 | Noticed an ancient lich
 46831 | Vaults:3 | HP: 38/153 [ancient lich/bolt of acid (92)]
 46832 | Vaults:3 | Killed an ancient lich
 46850 | Vaults:3 | Paralysed by a sphinx for 4 turns
 46932 | Vaults:3 | HP: 30/146 [crystal guardian/crystal bolt[a peacekeeper]
                  | (49)]
 46934 | Vaults:3 | Reached skill level 9 in Conjurations
 47273 | Vaults:3 | Reached skill level 14 in Shields
 47273 | Vaults:3 | Reached skill level 12 in Air Magic
 47700 | D:15     | This trove needs a +5 demon blade to function. Give it the
                  | item?
 47700 | D:15     | You paid a toll of a +5 demon blade to enter a treasure
                  | trove
 47701 | Trove    | Entered a treasure trove
 47728 | Trove    | You add the spells Animate Armour, Summon Lightning Spire
                  | and Summon Mana Viper to your library.
 47728 | Trove    | Got Wikliw's Reference Book on Calling and Beguiling
 47730 | Trove    | You add the spells Searing Ray, Poisonous Vapours, Dazzling
                  | Flash, Fulminant Prism, Starburst, Storm Form and Chain
                  | Lightning to your library.
 47730 | Trove    | Got Sif Muna's Catalogue of Destructive Feathers
 47732 | Trove    | You pick up a book of Dreams and begin reading...
 47732 | Trove    | You add the spells Ensorcelled Hibernation, Spider Form and
                  | Anguish to your library.
 47734 | Trove    | You pick up a book of Dreams and begin reading...
 47823 | D:15     | Learned a level 7 spell: Storm Form
 47823 | D:15     | the +6 double sword of Daror {flame, Fragile +Blink rC+
                  | Dex+3, longrare=g} melds into your body.
 47823 | D:15     | the +6 double sword of Daror {flame, Fragile +Blink rC+
                  | Dex+3, longrare=g} stops flaming.
 47829 | D:15     | Learned a level 4 spell: Summon Lightning Spire
 47888 | D:14     | the +6 double sword of Daror {flame, Fragile +Blink rC+
                  | Dex+3, longrare=g} unmelds from your body.
 47888 | D:14     | the +6 double sword of Daror {flame, Fragile +Blink rC+
                  | Dex+3, longrare=g} bursts into flame!
 48121 | Vaults:3 | Found a runed translucent gate.
 48121 | Vaults:3 | Found an opulent altar of Gozag.
 48122 | Vaults:3 | Found a runed translucent gate.
 48123 | Vaults:3 | Found a runed translucent gate.
 48123 | Vaults:3 | Found Zosine's Assorted Antiques.
 48124 | Vaults:3 | Noticed Dogag's ghost (adept DgIE)
 48312 | Vaults:3 | the +6 double sword of Daror {flame, Fragile +Blink rC+
                  | Dex+3, longrare=g} melds into your body.
 48312 | Vaults:3 | the +6 double sword of Daror {flame, Fragile +Blink rC+
                  | Dex+3, longrare=g} stops flaming.
 48313 | Vaults:3 | the +6 double sword of Daror {flame, Fragile +Blink rC+
                  | Dex+3, longrare=g} unmelds from your body.
 48313 | Vaults:3 | the +6 double sword of Daror {flame, Fragile +Blink rC+
                  | Dex+3, longrare=g} bursts into flame!
 48465 | Vaults:3 | Reached XP level 21. HP: 94/159 MP: 23/35
 48926 | Vaults:3 | Reached skill level 10 in Conjurations
 49315 | Vaults:3 | Killed Dogag's ghost
 49791 | Vaults:4 | Reached skill level 15 in Shields
 49889 | Vaults:4 | Reached skill level 13 in Air Magic
 49913 | Vaults:4 | Hit: N) +6 double sword of Daror {flame, Fragile +Blink rC+
                  | Dex+3, longrare=g}
 49913 | Vaults:4 | Hit: N) +6 double sword of Daror {flame, Fragile +Blink rC+
                  | Dex+3, longrare=g}
 49913 | Vaults:4 | Hit: N) +6 double sword of Daror {flame, Fragile +Blink rC+
                  | Dex+3, longrare=g}
 49914 | Vaults:4 | Hit: N) +6 double sword of Daror {flame, Fragile +Blink rC+
                  | Dex+3, longrare=g}
 49914 | Vaults:4 | Hit: N) +6 double sword of Daror {flame, Fragile +Blink rC+
                  | Dex+3, longrare=g}
 49915 | Vaults:4 | Hit: N) +6 double sword of Daror {flame, Fragile +Blink rC+
                  | Dex+3, longrare=g}
 49915 | Vaults:4 | Hit: N) +6 double sword of Daror {flame, Fragile +Blink rC+
                  | Dex+3, longrare=g}
 49916 | Vaults:4 | Hit: N) +6 double sword of Daror {flame, Fragile +Blink rC+
                  | Dex+3, longrare=g}
 49916 | Vaults:4 | Hit: N) +6 double sword of Daror {flame, Fragile +Blink rC+
                  | Dex+3, longrare=g}
 49916 | Vaults:4 | Hit: N) +6 double sword of Daror {flame, Fragile +Blink rC+
                  | Dex+3, longrare=g}
 49916 | Vaults:4 | Hit: N) +6 double sword of Daror {flame, Fragile +Blink rC+
                  | Dex+3, longrare=g}
 49919 | Vaults:4 | Hit: N) +6 double sword of Daror {flame, Fragile +Blink rC+
                  | Dex+3, longrare=g}
 49919 | Vaults:4 | Hit: N) +6 double sword of Daror {flame, Fragile +Blink rC+
                  | Dex+3, longrare=g}
 49920 | Vaults:4 | Hit: N) +6 double sword of Daror {flame, Fragile +Blink rC+
                  | Dex+3, longrare=g}
 49920 | Vaults:4 | Hit: N) +6 double sword of Daror {flame, Fragile +Blink rC+
                  | Dex+3, longrare=g}
 49921 | Vaults:4 | Hit: N) +6 double sword of Daror {flame, Fragile +Blink rC+
                  | Dex+3, longrare=g}
 49921 | Vaults:4 | Hit: N) +6 double sword of Daror {flame, Fragile +Blink rC+
                  | Dex+3, longrare=g}
 49921 | Vaults:4 | Hit: N) +6 double sword of Daror {flame, Fragile +Blink rC+
                  | Dex+3, longrare=g}
 49922 | Vaults:4 | Hit: N) +6 double sword of Daror {flame, Fragile +Blink rC+
                  | Dex+3, longrare=g}
 49922 | Vaults:4 | Hit: N) +6 double sword of Daror {flame, Fragile +Blink rC+
                  | Dex+3, longrare=g}
 50020 | Vaults:4 | Reached skill level 11 in Conjurations
 50929 | Vaults:4 | You pick up a book of Touch and begin reading...
 51071 | Vaults:4 | Paralysed by a great orb of eyes for 7 turns
 51115 | Vaults:4 | Upgraded the game from 0.29-a0-233-g1125b37a9b to
                  | 0.29-a0-841-g116ddc6ace
 51115 | Vaults:4 | magus.rc [v1.9.6]
 51120 | Vaults:4 | the +6 double sword of Daror {flame, Fragile +Blink rC+
                  | Dex+3, longrare=g} melds into your body.
 51120 | Vaults:4 | the +6 double sword of Daror {flame, Fragile +Blink rC+
                  | Dex+3, longrare=g} stops flaming.
 51169 | Vaults:4 | the +6 double sword of Daror {flame, Fragile +Blink rC+
                  | Dex+3, longrare=g} unmelds from your body.
 51169 | Vaults:4 | the +6 double sword of Daror {flame, Fragile +Blink rC+
                  | Dex+3, longrare=g} bursts into flame!
 51630 | Lair:5   | Learned a level 5 spell: Irradiate
 51633 | Slime:1  | Entered Level 1 of the Pits of Slime
 51799 | Slime:1  | Reached skill level 1 in Earth Magic
 51871 | Slime:2  | Reached XP level 22. HP: 151/165 MP: 17/36
 51929 | Slime:2  | HP: 26/165 [acid blob/splash of acid (26)]
 51940 | Slime:2  | Gained mutation: Armour fits poorly on your strangely
                  | shaped body. [mutagenic glow]
 52189 | Slime:2  | Reached skill level 2 in Earth Magic
 52872 | Slime:3  | Reached skill level 3 in Earth Magic
 53105 | Slime:2  | Gained mutation: Potions are less effective at restoring
                  | your health. [a shining eye]
 53112 | Slime:2  | Lost mutation: Potions are less effective at restoring your
                  | health. [potion of mutation]
 53112 | Slime:2  | Lost mutation: Armour fits poorly on your strangely shaped
                  | body. [potion of mutation]
 53112 | Slime:2  | Gained mutation: Your system is resistant to poisons.
                  | (rPois) [potion of mutation]
 53112 | Slime:2  | Gained mutation: You possess an exceptional clarity of
                  | mind. [potion of mutation]
 53112 | Slime:2  | Gained mutation: You are agile. (Dex +4, Str/Int -1)
                  | [potion of mutation]
 53191 | Slime:2  | Reached skill level 12 in Long Blades
 53434 | Slime:4  | Noticed Dissolution
 53452 | Slime:4  | Killed Dissolution
 53453 | Slime:4  | Reached skill level 16 in Transmutations
 53459 | Slime:5  | Entered Level 5 of the Pits of Slime
 53708 | Slime:5  | Learned a level 6 spell: Statue Form
 53725 | Slime:4  | Reached skill level 4 in Earth Magic
 54844 | Slime:5  | Found a viscous altar of Jiyva.
 54844 | Slime:5  | Noticed the Royal Jelly
 54854 | Slime:5  | Reached skill level 13 in Long Blades
 54858 | Slime:5  | Reached skill level 5 in Earth Magic
 54870 | Slime:5  | HP: 51/214 [azure jelly[the Royal Jelly] (9)]
 54998 | Slime:5  | Reached skill level 17 in Transmutations
 55416 | Slime:5  | Killed the Royal Jelly
 55442 | Slime:5  | Identified the +5 mace "Isowien" {elec, *Rage rPois Str+4}
 55449 | Slime:5  | You add the spells Summon Small Mammal and Malign Gateway
                  | to your library.
 55449 | Slime:5  | Got the Disquisition on Assembled Sculpting
 55457 | Slime:5  | You pick up a book of Frost and begin reading...
 55479 | Slime:5  | Identified the ring of Xeoxzuxe {Fly rC+ rN+ Int-2}
 55487 | Slime:5  | You pick up a book of Rime and begin reading...
 55487 | Slime:5  | You add the spells Ice Form and Summon Ice Beast to your
                  | library.
 55502 | Slime:5  | You pick up a book of Air and begin reading...
 55508 | Slime:5  | Identified +0 gold dragon scales
 55509 | Slime:5  | Y - +0 gold dragon scales {rare}
 55511 | Slime:5  | You pick up a book of Chaos and begin reading...
 55511 | Slime:5  | You add the spells Conjure Ball Lightning and Disjunction
                  | to your library.
 55514 | Slime:5  | Identified the ring "Exzopt" {rPois MP+9}
 55516 | Slime:5  | Got a slimy rune of Zot
 55527 | Slime:5  | You finish putting on your +0 gold dragon scales {rare}.
 55532 | Slime:5  | You finish taking off your +0 gold dragon scales {rare}.
 55537 | Slime:5  | You drop +0 gold dragon scales {rare}.
 55559 | Slime:5  | Identified a +1 crystal plate armour
 55560 | Slime:5  | x - a +1 crystal plate armour {rare=g}
 55564 | Slime:5  | You drop a +1 crystal plate armour {rare=g}.
 55586 | Slime:5  | Identified the +9 scale mail of Vusar {rN+ rCorr}
 55603 | Slime:5  | Could not pick up a +1 crystal plate armour {rare=g} here;
                  | ([A]lways) ignore it?
 55975 | Depths:1 | Entered Level 1 of the Depths
 56180 | Depths:1 | Reached skill level 14 in Long Blades
 56309 | Depths:1 | Found a gateway to Hell.
 56555 | Depths:1 | Found Butyr's General Store.
 56563 | Depths:1 | Bought a scroll of identify for 42 gold pieces
 57139 | Depths:2 | Reached XP level 23. HP: 171/171 MP: 29/37
 57268 | Depths:2 | Reached skill level 14 in Air Magic
 57389 | Depths:2 | Found an ancient bone altar of Kikubaaqudgha.
 57619 | Depths:2 | Found the +7 sceptre of Torment {pain, torment}
 57997 | Depths:2 | Gained mutation: Your magical capacity is low. (-10% MP) [a
                  | neqoxec]
 58141 | Depths:2 | Reached skill level 15 in Long Blades
 58281 | Depths:2 | Found Yrolodgh's Self-Improvement Boutique.
 58289 | Depths:2 | Bought a manual of Spellcasting for 1440 gold pieces
 58332 | Depths:2 | Found a shadowy altar of Dithmenos.
 59266 | Depths:3 | Noticed a golden dragon
 59276 | Depths:3 | Reached skill level 15 in Air Magic
 59282 | Depths:3 | Killed a golden dragon
 59282 | Depths:3 | Identified +0 gold dragon scales
 59296 | Depths:3 | HP: 26/166 [deep troll earth mage/blast of rock fragments
                  | (34)]
 59612 | Depths:3 | Reached skill level 11 in Spellcasting
 59621 | Depths:3 | Learned a level 8 spell: Maxwell's Capacitive Coupling
 59629 | Depths:3 | Found a one-way gateway to a ziggurat.
 60032 | Depths:3 | Could not pick up +0 gold dragon scales {rare} here;
                  | ([A]lways) ignore it?
 60103 | Depths:3 | the Enchantress comes into view. She is wielding a +4
                  | vampiric lajatang and wearing the +6 faerie dragon scales
                  | {rN+ rCorr Int+5}.
 60103 | Depths:3 | Noticed the Enchantress
 60110 | Depths:3 | Killed the Enchantress
 60402 | Depths:3 | Reached skill level 16 in Long Blades
 60624 | Depths:3 | Found a one-way gate to the infinite horrors of the Abyss.
 60763 | Depths:3 | Reached skill level 12 in Spellcasting
 60961 | Depths:4 | Entered Level 4 of the Depths
 61129 | Depths:4 | Reached XP level 24. HP: 178/178 MP: 35/35
 61173 | Depths:4 | Reached skill level 16 in Air Magic
 61462 | Depths:4 | You pick up a book of Dreams and begin reading...
 61493 | Depths:4 | Noticed a juggernaut
 61524 | Depths:4 | Killed a juggernaut
 61701 | Depths:4 | Reached skill level 13 in Spellcasting
 62081 | Depths:4 | Identified +6 gold dragon scales
 62081 | Depths:4 | Noticed Parghit
 62087 | Depths:4 | Killed Parghit
 62091 | Depths:4 | 6 large rocks {=fthrowing}; +6 gold dragon scales {rare}
 62354 | Depths:4 | quicksilver dragon scales {rare}; a quicksilver dragon
                  | corpse
 62362 | Depths:4 | quicksilver dragon scales {rare}; a quicksilver dragon
                  | corpse
 62362 | Depths:4 | quicksilver dragon scales {rare}; a quicksilver dragon
                  | corpse
 62362 | Depths:4 | Could not pick up quicksilver dragon scales {rare} here;
                  | ([A]lways) ignore it?
 62461 | Depths:4 | Reached skill level 17 in Air Magic
 62478 | Depths:4 | Reached skill level 14 in Spellcasting
 62855 | Depths:4 | Found a gate to the Realm of Zot.
 63529 | Depths:4 | Found a shimmering blue altar of Sif Muna.
 63923 | Zot:1    | Entered Level 1 of the Realm of Zot
 64170 | Zot:1    | quicksilver dragon scales {rare}; a quicksilver dragon
                  | corpse
 64172 | Zot:1    | quicksilver dragon scales {rare}; a quicksilver dragon
                  | corpse
 64211 | Zot:1    | Noticed Grunn
 64218 | Zot:1    | Reached skill level 15 in Spellcasting
 64228 | Zot:1    | Killed Grunn
 64230 | Zot:1    | HP: 36/159 [reaper/+1 antimagic scythe[a doom hound] (18)]
 64266 | Depths:4 | HP: 37/159 [bone dragon[a doom hound] (8)]
 64429 | Zot:1    | HP: 15/160 [reaper/+4 scythe of venom[a doom hound] (31)]
 64430 | Zot:1    | Reached skill level 18 in Air Magic
 64659 | Zot:1    | quicksilver dragon scales {rare}; a quicksilver dragon
                  | corpse
 64827 | Zot:1    | Reached XP level 25. HP: 115/179 MP: 26/38
 65174 | Zot:1    | Identified the +0 robe "Ciuz" {rElec Will+ Str-3}
 65283 | Zot:1    | Noticed an orb of fire
 65295 | Zot:1    | HP: 43/184 [orb of fire/fireball (97)]
 66561 | Zot:1    | Noticed an electric golem
 66580 | Zot:1    | Killed an electric golem
 66696 | Zot:1    | Killed an orb of fire
 67334 | Orc:2    | Bought a scroll of enchant armour for 90 gold pieces
 67649 | Vaults:3 | Bought a scroll of enchant armour for 270 gold pieces
 68612 | Zot:1    | HP: 39/169 [poisoned by a death drake (dark miasma)]
 68617 | Zot:1    | HP: 33/169 [poisoned by a death drake (dark miasma)]
 68622 | Zot:1    | HP: 33/169 [poisoned by a death drake (dark miasma)]
 68801 | Zot:2    | Noticed an electric golem
 68939 | Zot:1    | Killed an electric golem
 69080 | Zot:1    | Reached skill level 16 in Spellcasting
 69188 | Zot:2    | HP: 38/163 [purple draconian/bolt of dispelling energy
                  | (21)]
 69333 | Zot:2    | +0 shadow dragon scales {rare}; a +0 battleaxe {axe}; a
                  | shadow dragon corpse
 69446 | Zot:2    | +0 shadow dragon scales {rare}; a +0 battleaxe {axe}; a
                  | shadow dragon skeleton
 69475 | Zot:2    | +0 shadow dragon scales {rare}; a +0 battleaxe {axe}; a
                  | shadow dragon skeleton
 69525 | Zot:1    | Reached skill level 19 in Air Magic
 69592 | Zot:2    | +0 shadow dragon scales {rare}; a +0 battleaxe {axe}; a
                  | shadow dragon skeleton
 69648 | Zot:2    | +0 shadow dragon scales {rare}; a +0 battleaxe {axe}
 69715 | Zot:2    | +0 shadow dragon scales {rare}; a +0 battleaxe {axe}
 69809 | Zot:2    | +0 shadow dragon scales {rare}; a +0 battleaxe {axe}
 69869 | Zot:2    | +0 shadow dragon scales {rare}; a +0 battleaxe {axe}
 69872 | Zot:2    | +0 shadow dragon scales {rare}; a +0 battleaxe {axe}
 69878 | Zot:2    | +0 shadow dragon scales {rare}; a +0 battleaxe {axe}
 69882 | Zot:2    | +0 shadow dragon scales {rare}; a +0 battleaxe {axe}
 69895 | Zot:2    | +0 shadow dragon scales {rare}; a +0 battleaxe {axe}
 69999 | Zot:2    | +0 shadow dragon scales {rare}; a +0 battleaxe {axe}
 70153 | Zot:2    | You add the spells Blink and Manifold Assault to your
                  | library.
 70161 | Zot:2    | Learned a level 2 spell: Blink
 70249 | Zot:2    | You pick up a book of Cantrips and begin reading...
 70249 | Zot:2    | You add the spells Necrotise and Apportation to your
                  | library.
 70280 | Zot:2    | +0 shadow dragon scales {rare}; a +0 battleaxe {axe}
 70280 | Zot:2    | +0 shadow dragon scales {rare}; a +0 battleaxe {axe}
 70280 | Zot:2    | Could not pick up +0 shadow dragon scales {rare} here;
                  | ([A]lways) ignore it?
 70281 | Zot:2    | +0 storm dragon scales {rare}; a +0 trident of distortion
                  | {!wpolearm}
 70281 | Zot:2    | +0 storm dragon scales {rare}; a +0 trident of distortion
                  | {!wpolearm}
 70281 | Zot:2    | Could not pick up +0 storm dragon scales {rare} here;
                  | ([A]lways) ignore it?
 70616 | Zot:3    | Noticed an orb of fire
 70747 | Zot:3    | Identified +0 gold dragon scales
 70749 | Zot:3    | +0 gold dragon scales {rare}; a +0 short sword {short}
 71201 | Zot:3    | +0 gold dragon scales {rare}; a +0 short sword {short}
 71241 | Zot:3    | Noticed a Killer Klown
 71272 | Zot:3    | +0 gold dragon scales {rare}; a +0 short sword {short}
 71302 | Zot:3    | Killed a Killer Klown
 71431 | Zot:3    | +0 gold dragon scales {rare}; a +0 short sword {short}
 71436 | Zot:3    | +0 gold dragon scales {rare}; a +0 short sword {short}
 71723 | Zot:3    | Noticed a Killer Klown
 71773 | Zot:3    | Reached skill level 20 in Air Magic
 71776 | Zot:3    | Killed a Killer Klown
 71863 | Zot:3    | You fall into a shaft and drop 1 floor!
 71920 | Zot:4    | Noticed a curse toe
 71958 | Zot:4    | Noticed a curse toe
 72022 | Zot:4    | +0 storm dragon scales {rare}; a storm dragon corpse
 72517 | Zot:4    | Killed a curse toe
 72869 | Zot:4    | Identified +0 gold dragon scales
 72954 | Zot:4    | Identified +0 gold dragon scales
 73078 | Zot:4    | Killed a curse toe
 73290 | Zot:4    | Noticed a Killer Klown
 73338 | Zot:4    | Noticed a curse toe
 73565 | Zot:4    | Reached XP level 26. HP: 176/177 MP: 38/38
 73580 | Zot:4    | a +0 scimitar {long}; +0 gold dragon scales {rare}; a white
                  | draconian corpse
 73616 | Zot:4    | a +0 scimitar {long}; +0 gold dragon scales {rare}; a white
                  | draconian corpse
 73675 | Zot:4    | a +0 scimitar {long}; +0 gold dragon scales {rare}; a white
                  | draconian corpse
 73734 | Zot:4    | Killed a curse toe
 73926 | Zot:4    | Killed a Killer Klown
 74078 | Zot:5    | Entered Level 5 of the Realm of Zot
 74090 | Zot:5    | Reached skill level 21 in Air Magic
 74256 | Zot:4    | +0 gold dragon scales {rare}; a +0 scimitar {long}
 74558 | Zot:4    | +0 gold dragon scales {rare}; a +0 scimitar {long}
 74871 | Zot:4    | +0 gold dragon scales {rare}; a +0 scimitar {long}
 75320 | Zot:5    | Reached skill level 13 in Fighting
 75363 | Zot:5    | +0 shadow dragon scales {rare}; a shadow dragon corpse
 75411 | Zot:5    | +0 shadow dragon scales {rare}; a shadow dragon corpse
 75414 | Zot:5    | Reached skill level 1 in Translocations
 75478 | Zot:5    | +0 shadow dragon scales {rare}; a shadow dragon corpse
 75498 | Zot:5    | Identified +0 gold dragon scales
 75500 | Zot:5    | +0 gold dragon scales {rare}; a golden dragon corpse
 75501 | Zot:5    | +0 shadow dragon scales {rare}; a shadow dragon corpse
 75502 | Zot:5    | +0 gold dragon scales {rare}; a golden dragon corpse
 75634 | Zot:5    | +0 gold dragon scales {rare}; a golden dragon corpse
 75635 | Zot:5    | +0 shadow dragon scales {rare}; a shadow dragon skeleton
 75735 | Zot:5    | Reached skill level 2 in Translocations
 75766 | Zot:5    | +0 shadow dragon scales {rare}; a shadow dragon skeleton
 75767 | Zot:5    | +0 gold dragon scales {rare}; a golden dragon skeleton
 75815 | Zot:5    | You pick up a book of Spectacle and begin reading...
 76137 | Zot:5    | Noticed an electric golem
 76151 | Zot:5    | Noticed an orb of fire
 76155 | Zot:5    | Noticed an orb of fire
 76156 | Zot:5    | Killed an orb of fire
 76160 | Zot:5    | Killed an orb of fire
 76161 | Zot:5    | Reached skill level 14 in Fighting
 76161 | Zot:5    | Reached skill level 3 in Translocations
 76303 | Zot:5    | Noticed an orb of fire
 76313 | Zot:5    | HP: 35/189 [orb of fire/bolt of fire (48)]
 76315 | Zot:5    | Gained mutation: You do not regenerate when monsters are
                  | visible. [an orb of fire]
 76441 | Zot:5    | Killed an orb of fire
 76619 | Zot:5    | Noticed an orb of fire
 76622 | Zot:5    | Killed an orb of fire
 76646 | Zot:5    | Noticed an orb of fire
 76651 | Zot:5    | Killed an orb of fire
 76657 | Zot:5    | Reached skill level 4 in Translocations
 76668 | Zot:5    | Killed an electric golem
 76669 | Zot:5    | Lost mutation: You are agile. (Dex +4, Str/Int -1) [potion
                  | of mutation]
 76669 | Zot:5    | Lost mutation: Your magical capacity is low. (-10% MP)
                  | [potion of mutation]
 76669 | Zot:5    | Lost mutation: You do not regenerate when monsters are
                  | visible. [potion of mutation]
 76669 | Zot:5    | Gained mutation: Your muscles are strong. (Str +4, Int/Dex
                  | -1) [potion of mutation]
 76669 | Zot:5    | Gained mutation: Your mind is acute. (Int +4, Str/Dex -1)
                  | [potion of mutation]
 76669 | Zot:5    | Gained mutation: Armour fits poorly on your strangely
                  | shaped body. [potion of mutation]
 76669 | Zot:5    | Gained mutation: Your movements are slightly less
                  | encumbered by armour. (ER -2) [potion of mutation]
 76768 | Zot:5    | Noticed a dread lich
 76775 | Zot:5    | Killed a dread lich
 76776 | Zot:5    | Reached skill level 15 in Fighting
 76839 | Zot:5    | Noticed a Killer Klown
 76845 | Zot:5    | Killed a Killer Klown
 76891 | Zot:5    | Noticed a Killer Klown
 76895 | Zot:5    | Killed a Killer Klown
 76942 | Zot:5    | Noticed a dread lich
 76947 | Zot:5    | Paralysed by a dread lich for 5 turns
 76955 | Zot:5    | Killed a dread lich
 77409 | Zot:5    | Reached skill level 5 in Translocations
 77459 | Zot:5    | HP: 35/195 [Orb Guardian (31)]
 77462 | Zot:5    | HP: 10/196 [Ice Fiend[a Zot trap] (13)]
 77722 | Zot:5    | Reached skill level 16 in Fighting
 77732 | Zot:5    | Noticed an orb of fire
 77734 | Zot:5    | Noticed an orb of fire
 77737 | Zot:5    | Noticed an orb of fire
 77740 | Zot:5    | Lost mutation: Your muscles are strong. (Str +4, Int/Dex
                  | -1) [an orb of fire]
 77746 | Zot:5    | Gained mutation: You have sharp fingernails. [an orb of
                  | fire]
 77748 | Zot:5    | HP: 48/198 [orb of fire/fireball (36)]
 77757 | Zot:5    | HP: 20/198 [orb of fire/bolt of fire (35)]
 77758 | Zot:5    | HP: 8/198 [orb of fire/fireball (34)]
 77794 | Zot:5    | Killed an orb of fire
 77804 | Zot:5    | HP: 49/205 [orb of fire/bolt of fire (18)]
 77805 | Zot:5    | Killed an orb of fire
 77808 | Zot:5    | HP: 13/197 [orb of fire/fireball (22)]
 77812 | Zot:5    | Gained mutation: Your magical capacity is low. (-10% MP)
                  | [an orb of fire]
 77963 | Zot:5    | Noticed an orb of fire
 77968 | Zot:5    | Killed an orb of fire
 78056 | Zot:5    | Noticed an electric golem
 78063 | Zot:5    | Killed an electric golem
 78064 | Zot:5    | Reached skill level 6 in Translocations
 78077 | Zot:5    | Killed an orb of fire
 78082 | Zot:5    | Noticed an ancient lich
 78087 | Zot:5    | Killed an ancient lich
 78271 | Zot:5    | Reached skill level 17 in Fighting
 78271 | Zot:5    | Reached XP level 27. HP: 158/214 MP: 38/38
 78323 | Zot:5    | Got the Orb of Zot
 78643 | Depths:2 | Noticed Raugrem the pandemonium lord
 78826 | D:10     | Noticed Dymux the pandemonium lord
 79104 | D:$      | Escaped with the Orb!

Vanquished Creatures
  Dissolution (Slime:4)
  2 dread liches (Zot:5)
  2 ancient liches
  10 orbs of fire
  A juggernaut (Depths:4)
  5 Killer Klowns
  Parghit (Depths:4)
  3 curse toes (Zot:4)
  13 golden dragons
  5 bone dragons
  Nikola (Shoals:3)
  the Enchantress (Depths:3)
  2 doom hounds (Zot:1)
  Jorgrun (Orc:2)
  4 electric golems
  11 tentacled monstrosities
  Rupert (D:12)
  3 liches
  24 Orb Guardians
  An Ice Fiend (Zot:5)
  Grunn (Zot:1)
  The ghost of Dogag the Slicer, an adept DgIE (Vaults:3)
  10 quicksilver dragons
  16 acid blobs
  Polyphemus (Shoals:3)
  7 death cobs
  8 shadow dragons
  8 sphinxes
  Ilsuiw (Shoals:3)
  2 nagarajas (Snake:4)
  11 storm dragons
  5 azure jellies
  10 rockslimes
  13 draconian monks
  7 fire giants
  8 draconian knights
  A deep elf sorcerer (Vaults:4)
  6 frost giants
  3 orc warlords
  2 iron dragons (Depths:3)
  3 ghost moths
  11 vault wardens
  8 draconian scorchers
  A cacodemon (Depths:2)
  A caustic shrike zombie (Depths:2)
  10 ironbound preservers
  An angel (Depths:1)
  7 draconian shifters
  5 draconian stormcallers
  26 very ugly things
  3 spriggan defenders (Depths:3)
  3 reapers (Zot:1)
  5 war gargoyles
  8 stone giants
  8 quicksilver oozes
  5 draconian annihilators
  A vampire knight (Depths:1)
  10 green draconians
  7 black draconians
  2 deep elf demonologists
  10 ironbound thunderhulks
  A deep elf annihilator (Vaults:1)
  An eleionoma (shapeshifter) (Depths:3)
  A putrid mouth (Zot:1)
  2 entropy weavers (Vaults:4)
  A lorocyproca (D:1)
  10 white draconians
  6 yellow draconians
  6 dire elephants
  15 purple draconians
  2 minotaurs (Shoals:4)
  9 spark wasps
  14 red draconians
  An eidolon (Vaults:2)
  4 crystal guardians
  5 merfolk impalers
  8 ettins
  2 jiangshi (Depths:2)
  9 deep elf death magi
  Josephine (Lair:4)
  7 fire dragons
  A spriggan zombie (Depths:2)
  10 vault guards
  3 deep elf high priests
  13 yaktaur captains
  2 merfolk javelineers
  Erolcha (D:12)
  8 great orbs of eyes
  6 boulder beetles
  10 ice dragons
  A caustic shrike simulacrum (Depths:2)
  14 naga warriors
  3 merfolk avatars (Shoals:4)
  2 hell beasts (Depths:3)
  Fannar (Lair:1)
  6 peacekeepers
  4 salamander tyrants
  A catoblepas (Shoals:3)
  8 centaur warriors
  A juggernaut simulacrum (Depths:2)
  3 demonspawn (Orc:2)
  3 spriggan air magi (Depths:3)
  A spectral sphinx (Depths:2)
  9 hydras
  15 satyrs (Shoals:4)
  3 ironbound frosthearts
  A spriggan skeleton (Depths:2)
  3 merfolk aquamancers
  2 alligator snapping turtles
  21 anacondas
  4 deep troll earth magi
  7 two-headed ogres
  8 deep troll shamans
  2 tengu warriors
  2 orc high priests (Orc:2)
  7 shock serpents
  11 death yaks
  The ghost of drugrobin the Cleaver, a novice DgFi (D:8)
  Urug (D:12)
  12 naga sharpshooters
  A soul eater (Orc:2)
  4 vampire magi
  4 spriggan berserkers
  2 deep elf knights (Vaults:4)
  2 sixfirhies
  3 golden dragon zombies (Depths:2)
  A death drake (Depths:4)
  6 iron trolls
  A quicksilver dragon simulacrum (Depths:3)
  9 skeletal warriors
  49 deep trolls
  6 salamander mystics
  A sea snake (shapeshifter) (Vaults:3)
  6 naga ritualists
  A swamp dragon (Zot:1)
  3 glowing orange brains
  An obsidian statue (Vaults:3)
  10 wizards
  11 sea snakes
  An orange crystal statue (Zot:5)
  14 orc knights
  4 flayed ghosts
  10 ironbound convokers
  2 tengu zombies (Depths:2)
  3 necromancers
  Pikel (D:6)
  A shadow dragon zombie (Depths:2)
  A spriggan simulacrum (Depths:2)
  2 deep elf archers
  33 harpies
  5 deep elf pyromancers
  28 lindwurms
  6 mana vipers
  10 orc sorcerers
  43 ugly things
  A deep elf zephyrmancer (Vaults:1)
  A tengu skeleton (Depths:2)
  An oklob plant (Lair:5)
  A spectral ettin (Depths:2)
  6 shining eyes
  13 fauns
  A shadow dragon skeleton (Depths:2)
  17 manticores
  13 salamanders
  Joseph (Lair:1)
  5 cyclopes
  9 merfolk sirens
  11 naga magi
  3 elephants (Lair:1)
  11 vault sentinels
  10 guardian serpents
  2 rust devils
  25 moths of wrath
  40 black mambas
  5 water nymphs
  2 torpor snails (Lair:5)
  2 centaur skeletons (D:15)
  Maggie (Lair:2)
  6 eyes of devastation
  2 ice statues (IceCv)
  A yaktaur (shapeshifter) (Vaults:3)
  2 orange demons (Depths:2)
  6 rime drakes
  13 cane toads
  A smoke demon (Depths:2)
  2 freezing wraiths
  25 yaktaurs
  A tengu conjurer (Depths:3)
  2 tormentors
  15 komodo dragons
  3 hellwings
  4 ice devils
  A golden dragon simulacrum (Depths:2)
  A spectral human (Depths:2)
  4 trolls
  18 merfolk
  A red devil (Depths:2)
  A shadow dragon simulacrum (Depths:2)
  6 hornets
  Prince Ribbit (D:7)
  6 wind drakes
  6 dream sheep (Lair:6)
  120 slime creatures
  15 blink frogs
  6 snapping turtles
  A centaur simulacrum (D:15)
  A dream sheep (shapeshifter) (Vaults:1)
  3 shadows
  A culicivora (Vaults:4)
  A frost giant simulacrum (Depths:2)
  6 spriggans (Depths:3)
  7 wraiths
  4 wyverns
  A culicivora (shapeshifter) (Depths:3)
  23 water elementals
  A ynoxinul (Depths:2)
  9 golden eyes
  82 yaks
  5 basilisks
  3 vampire mosquitoes (D:13)
  A neqoxec (Depths:2)
  2 steam dragons (D:9)
  3 wargs (Orc:1)
  40 nagas
  16 water moccasins
  Duvessa (D:6)
  A floating eye (Slime:4)
  36 orc warriors
  An ettin simulacrum (Depths:2)
  2 black bears
  A sky beast (D:8)
  23 centaurs
  11 ogres
  6 wolves
  A lemure (D:6)
  3 phantoms
  5 kobold brigands
  17 bullfrogs
  A necrophage (D:6)
  A glowing shapeshifter simulacrum (Vaults:4)
  4 scorpions
  A water moccasin zombie (Ossuary)
  7 wights
  Dowan (D:6)
  6 lindwurm simulacra (IceCv)
  26 killer bees
  A troll zombie (D:11)
  8 electric eels
  3 howler monkeys
  3 jellies
  2 komodo dragon simulacra (IceCv)
  5 hounds
  25 orc priests
  3 gnoll boudas
  An iron imp (D:6)
  Jessica (D:3)
  An iguana (D:5)
  16 orc wizards
  6 hell rats (Lair:4)
  5 ogre zombies (D:11)
  2 mummies (Ossuary)
  22 gnolls
  5 river rats (Sewer)
  3 acid dragon simulacra (IceCv)
  9 adders
  2 white imps (D:7)
  9 steam dragon simulacra (IceCv)
  2 ufetubi
  5 adder zombies (Ossuary)
  4 worms
  4 dart slugs
  82 orcs
  8 ball pythons
  2 bats
  6 endoplasms
  5 giant cockroaches
  20 goblins
  15 hobgoblins
  8 quokkas
  3 frilled lizards
  3 gnoll zombies (Ossuary)
  4 goblin skeletons
  2 goblin zombies
  A hobgoblin skeleton (D:11)
  7 hobgoblin zombies
  33 kobolds
  8 kobold zombies
  5 orc skeletons
  17 orc zombies
  11 rats
  2 butterflies (D:5)
2153 creatures vanquished.

Vanquished Creatures (collateral kills)
  the Royal Jelly (Slime:5)
  2 acid blobs
  An azure jelly (Slime:3)
  A rockslime (Slime:5)
  An orc warlord (Vaults:3)
  A draconian annihilator (Depths:4)
  A reaper (Depths:2)
  2 quicksilver oozes
  A deep elf death mage (Depths:2)
  An ironbound frostheart (Vaults:3)
  A lindwurm (Vaults:3)
  An orc knight (Vaults:3)
  A tengu skeleton (Depths:2)
  6 slime creatures
21 creatures vanquished.

Vanquished Creatures (others)
  A doom hound (Zot:1)
  A quicksilver dragon (Depths:4)
  An acid blob (Slime:2)
  2 draconian monks
  A daeva (Depths:1)
  A vault warden (Vaults:1)
  A draconian shifter (Zot:5)
  A caustic shrike skeleton (Depths:2)
  An ironbound preserver (Vaults:1)
  A black draconian (Zot:5)
  A red draconian (Zot:4)
  2 spark wasps
  3 white draconians
  A fire dragon (Zot:2)
  A crystal guardian (Vaults:2)
  2 hydras
  A rakshasa (Depths:1)
  A naga warrior (Snake:1)
  A boulder beetle (Lair:2)
  A death yak (Shoals:3)
  A two-headed ogre (D:13)
  A deep troll shaman (Depths:2)
  A deep troll earth mage (Depths:2)
  An orc high priest (Orc:2)
  A shock serpent (Snake:2)
  A deep troll (Depths:3)
  A lindwurm (Vaults:1)
  3 harpies
  A deep elf zephyrmancer (Vaults:1)
  A mana viper (Snake:2)
  A necromancer (Depths:2)
  4 slime creatures
  2 moths of wrath
  A shining eye (Slime:1)
  A merfolk siren (Shoals:4)
  A black mamba (Lair:3)
  2 yaktaurs
  A komodo dragon (Lair:1)
  A merfolk (Shoals:1)
  A blink frog (Lair:4)
  A water elemental (Shoals:2)
  A naga (Snake:4)
  An orc warrior (Bailey)
  A centaur (D:9)
  An orc priest (Orc:2)
  An acid dragon simulacrum (IceCv)
  2 orcs
  A goblin skeleton (D:6)
  66 fungi
  112 plants
239 creatures vanquished.

Grand Total: 2413 creatures vanquished

Table legend:
 A = Non-vault XP
 B = Vault XP
 C = Vault XP percentage of total XP
 D = Non-vault monster count
 E = Vault monster count
 F = Vault count percentage of total count
                 A         B        C        D         E       F
            +---------+---------+-------+---------+---------+-------
      Total |  675957 |  585881 |  46.4 |    1369 |     839 |  38.0
            +---------+---------+-------+---------+---------+-------
        D:1 |      40 |       0 |   0.0 |      23 |       0 |   0.0
        D:2 |      45 |       7 |  13.5 |      14 |       2 |  12.5
        D:3 |     128 |      39 |  23.4 |      24 |       2 |   7.7
        D:4 |     433 |       6 |   1.4 |      25 |       3 |  10.7
        D:5 |    1768 |       0 |   0.0 |      20 |       0 |   0.0
        D:6 |    1427 |     909 |  38.9 |      22 |      15 |  40.5
        D:7 |    2592 |     284 |   9.9 |      38 |       5 |  11.6
        D:8 |     584 |    1272 |  68.5 |      12 |       5 |  29.4
        D:9 |    3094 |     493 |  13.7 |      26 |       8 |  23.5
       D:10 |    2458 |       0 |   0.0 |      24 |       0 |   0.0
       D:11 |    4394 |     669 |  13.2 |      29 |      29 |  50.0
       D:12 |    6411 |    3538 |  35.6 |      25 |       3 |  10.7
       D:13 |   14247 |    6919 |  32.7 |      24 |       8 |  25.0
       D:14 |    3732 |       0 |   0.0 |      10 |       0 |   0.0
       D:15 |    6147 |    4243 |  40.8 |      20 |       8 |  28.6
     Lair:1 |    7182 |    1742 |  19.5 |      28 |       3 |   9.7
     Lair:2 |    3914 |     415 |   9.6 |       8 |       1 |  11.1
     Lair:3 |    7783 |    1036 |  11.7 |      30 |       5 |  14.3
     Lair:4 |    8414 |    1689 |  16.7 |      28 |       5 |  15.2
     Lair:5 |    8670 |    4724 |  35.3 |      30 |      17 |  36.2
     Lair:6 |   15936 |       0 |   0.0 |      47 |       0 |   0.0
   Shoals:1 |   13635 |       0 |   0.0 |      28 |       0 |   0.0
   Shoals:2 |    9293 |       0 |   0.0 |      25 |       0 |   0.0
   Shoals:3 |    8277 |   12271 |  59.7 |      18 |      13 |  41.9
   Shoals:4 |   14887 |   28763 |  65.9 |      31 |      43 |  58.1
    Snake:1 |   12899 |       0 |   0.0 |      24 |       0 |   0.0
    Snake:2 |   22928 |    6264 |  21.5 |      45 |       8 |  15.1
    Snake:3 |    9386 |    3411 |  26.7 |      20 |       8 |  28.6
    Snake:4 |   20943 |   31645 |  60.2 |      50 |      47 |  48.5
    Slime:1 |   10642 |       0 |   0.0 |      24 |       0 |   0.0
    Slime:2 |   18106 |       0 |   0.0 |      37 |       0 |   0.0
    Slime:3 |   12293 |       0 |   0.0 |      34 |       0 |   0.0
    Slime:4 |   14544 |    7505 |  34.0 |      27 |       3 |  10.0
    Slime:5 |    9295 |   27828 |  75.0 |      18 |      18 |  50.0
      Orc:1 |    2686 |     125 |   4.4 |      17 |       3 |  15.0
      Orc:2 |    1404 |   17417 |  92.5 |      23 |      64 |  73.6
   Vaults:1 |   25730 |   19824 |  43.5 |      41 |      34 |  45.3
   Vaults:2 |   29613 |   23736 |  44.5 |      44 |      33 |  42.9
   Vaults:3 |   28411 |   53789 |  65.4 |      38 |      56 |  59.6
   Vaults:4 |   35712 |   19278 |  35.1 |      56 |      25 |  30.9
   Depths:1 |   11639 |    5534 |  32.2 |      13 |       6 |  31.6
   Depths:2 |   23248 |   29206 |  55.7 |      31 |      46 |  59.7
   Depths:3 |   22244 |   45636 |  67.2 |      34 |      51 |  60.0
   Depths:4 |   41009 |   63565 |  60.8 |      36 |      52 |  59.1
      Zot:1 |   64378 |   16508 |  20.4 |      51 |      11 |  17.7
      Zot:2 |   18461 |    4066 |  18.0 |      20 |       3 |  13.0
      Zot:3 |   34079 |    1462 |   4.1 |      27 |       1 |   3.6
      Zot:4 |   28068 |   24346 |  46.4 |      23 |      16 |  41.0
      Zot:5 |   32748 |  108499 |  76.8 |      27 |      43 |  61.4
      Sewer |       0 |     328 | 100.0 |       0 |      37 | 100.0
    Ossuary |       0 |     158 | 100.0 |       0 |      25 | 100.0
     Bailey |       0 |    3291 | 100.0 |       0 |      46 | 100.0
      IceCv |       0 |    3441 | 100.0 |       0 |      28 | 100.0
            +---------+---------+-------+---------+---------+-------

Illustrated notes

Table legend:
 A = Kills in this place as a percentage of kills in entire the game.
 B = Kills by you in this place as a percentage of kills by you in the entire game.
 C = Kills by friends in this place as a percentage of kills by friends in the entire game.
 D = Other kills in this place as a percentage of other kills in the entire game.
 E = Experience gained in this place as a percentage of experience gained in the entire game.
 F = Experience gained in this place divided by the number of levels of this place that you have seen.
                   A       B       C       D       E      F
               +-------+-------+-------+-------+-------+----------------------
         Total | 100.0 | 100.0 | 100.0 | 100.0 | 100.0 | 22993.0
       Dungeon |  19.3 |  19.8 |   0.0 |   5.5 |   5.4 | 4554.5
          Lair |   9.1 |   9.2 |   0.0 |   9.1 |   4.9 | 10250.8
        Shoals |   7.1 |   7.2 |   0.0 |   9.1 |   6.9 | 21781.5
     Snake Pit |   9.1 |   9.3 |   0.0 |   7.3 |   8.5 | 26869.0
    Slime Pits |   7.3 |   6.9 |  57.9 |   5.5 |   7.9 | 20042.6
  Orcish Mines |   4.8 |   4.9 |   0.0 |   3.6 |   1.7 | 10816.0
        Vaults |  14.8 |  14.6 |  21.1 |  18.2 |  18.7 | 59023.2
        Depths |  12.2 |  11.8 |  21.1 |  21.8 |  19.1 | 60520.2
           Zot |  10.1 |  10.0 |   0.0 |  16.4 |  26.3 | 66590.4
         Sewer |   1.7 |   1.7 |   0.0 |   0.0 |   0.0 | 328.0
       Ossuary |   1.1 |   1.2 |   0.0 |   0.0 |   0.0 | 158.0
        Bailey |   2.1 |   2.1 |   0.0 |   1.8 |   0.3 | 3291.0
      Ice Cave |   1.3 |   1.3 |   0.0 |   1.8 |   0.3 | 3441.0
               +-------+-------+-------+-------+-------+----------------------

Table legend: (Time is in decaauts)
 A = Elapsed time spent in this place.
 B = Non-inter-level travel time spent in this place.
 C = Inter-level travel time spent in this place.
 D = Time resting spent in this place.
 E = Time spent auto-exploring this place.
 F = Levels seen in this place.
 G = Mean time per level.
                   A        B        C        D        E       F      G
               +--------+--------+--------+--------+--------+-----+--------+
         Total |  79233 |  71480 |   7753 |  12119 |  33540 |  55 | 1440.6 |
       Dungeon |  20631 |  17512 |   3119 |    592 |  12631 |  15 | 1375.4 |
        Temple |     69 |      7 |     62 |      0 |      0 |   1 |   69.0 |
          Lair |   8434 |   7360 |   1074 |    234 |   4848 |   6 | 1405.7 |
        Shoals |   3837 |   3753 |     84 |    645 |   1260 |   4 |  959.2 |
     Snake Pit |   6835 |   6110 |    725 |   1036 |   2750 |   4 | 1708.8 |
    Slime Pits |   4182 |   3978 |    204 |   1222 |    641 |   5 |  836.4 |
  Orcish Mines |   1892 |   1665 |    227 |    102 |    870 |   2 |  946.0 |
        Vaults |   8179 |   7271 |    908 |    980 |   3831 |   4 | 2044.8 |
        Depths |   9507 |   8525 |    982 |   1169 |   4363 |   4 | 2376.8 |
           Zot |  11940 |  11577 |    363 |   4960 |   1642 |   5 | 2388.0 |
         Trove |    111 |    111 |      0 |      0 |      0 |   1 |  111.0 |
         Sewer |    782 |    782 |      0 |     25 |    560 |   1 |  782.0 |
       Ossuary |    502 |    502 |      0 |    247 |     23 |   1 |  502.0 |
        Bailey |   1344 |   1344 |      0 |    439 |     30 |   1 | 1344.0 |
      Ice Cave |    982 |    982 |      0 |    466 |     86 |   1 |  982.0 |
               +--------+--------+--------+--------+--------+-----+--------+

Top non-repeatable levels by time:
   Zot:1: 3662 daAuts
Depths:4: 3610 daAuts
   Zot:4: 3276 daAuts
   Zot:5: 3087 daAuts
 Snake:4: 2743 daAuts
Depths:2: 2498 daAuts
Vaults:3: 2413 daAuts
Vaults:2: 2306 daAuts
Depths:3: 2173 daAuts
 Snake:2: 2161 daAuts
    D:12: 1919 daAuts
Vaults:1: 1827 daAuts
  Lair:5: 1810 daAuts
Vaults:4: 1631 daAuts
    D:13: 1625 daAuts
